 Dungeon Crawl Stone Soup version 0.30-a0-263-ge22c4ad894 (webtiles) character file.

Game seed: 9021454190686035560

1631162 sleeves the Pyromancer (level 26, 249/249 HPs)
             Began as an Armataur Conjurer on Oct 14, 2022.
             Was a High Priest of Sif Muna.
             Escaped with the Orb
             ... and 3 runes!
             The game lasted 03:40:55 (74546 turns).

sleeves the Pyromancer (Armataur Conjurer)         Turns: 74546, Time: 03:40:56

Health: 249/249    AC: 23    Str:  9    XL:     26   Next: 91%
Magic:  55/55      EV:  7    Int: 47    God:    Sif Muna [*****.]
Gold:   5128       SH:  8    Dex: 16    Spells: 8/63 levels left

rFire   + + .      SeeInvis +    i - +14 lance "Wyrmbane" {slay drac, rPois rF+ rC+ AC+3}
rCold   + . .      Faith    .    x - +1 buckler "Qotir" {Contam rElec rF+ Regen+}
rNeg    + . .      Spirit   .    P - +2 robe "Kiph" {Regen+ Dex+6}
rPois   +          Reflect  .    t - +2 helmet {SInv}
rElec   +          Harm     .    X - +4 dragonskin cloak
rCorr   .          Roll     +    L - +1 pair of gloves of Virtue {Regen+}
Will    +++..                    S - +0 barding {Fly}
Stlth   +.........               D - amulet "Jezixt" {RegenMP rN+ Int+8 Dex-4}
HPRegen 3.01/turn                s - ring of Tionast {rPois Int+6 Dex+7 SInv}
MPRegen 0.74/turn                l - ring of Unlygefu {Will++ MP+9 Str-3}

@: flying, studying 2 skills
A: large, rugged brown scales 3, deformed body, armoured tail, roll, long
tongue, awkward tongue, clever 1, clumsy 1, inability to drink after injury 1
0: Orb of Zot
}: 3/15 runes: decaying, serpentine, silver
a: Renounce Religion, Channel Magic, Forget Spell, Divine Exegesis


You escaped.
You worshipped Sif Muna.
Sif Muna was extremely pleased with you.
You visited 9 branches of the dungeon, and saw 47 of its levels.
You visited 1 bazaar.
You also visited: Ossuary, Bailey, Gauntlet, Ice Cave and Desolation.

You collected 7335 gold pieces.
You spent 2207 gold pieces at shops.

Inventory:

Hand Weapons
 i - the +14 lance "Wyrmbane" (weapon) {slay drac, rPois rF+ rC+ AC+3}
   (You found it in the Desolation of Salt)

   It inflicts extra damage against dragons and draconians.
   AC:        It affects your AC (+3).
   rF:        It protects you from fire.
   rC:        It protects you from cold.
   rPois:     It protects you from poison.
Armour
 q - the +0 pair of gloves of Puyge {rC++ rN+++ MP-9 Int-4}
   (You found it on level 2 of the Elven Halls)

   Int:       It affects your intelligence (-4).
   rC:        It greatly protects you from cold.
   rN:        It renders you almost immune to negative energy.
   MP:        It affects your magic capacity (-9).
 t - a +2 helmet of see invisible (worn)
   (You found it on level 3 of the Elven Halls)
 x - the +1 buckler "Qotir" (worn) {Contam rElec rF+ Regen+}
   (You acquired it on level 5 of the Lair of Beasts)

   rF:        It protects you from fire.
   rElec:     It insulates you from electricity.
   Contam:    It causes magical contamination when unequipped.
   Regen:     It increases your rate of health regeneration.
 C - quicksilver dragon scales
   (You found it on level 4 of the Vaults)
 L - the +1 pair of gloves of Virtue (worn) {Regen+}
   (You found it in a Gauntlet)

   Regen:     It increases your rate of health regeneration.
 P - the +2 robe "Kiph" (worn) {Regen+ Dex+6}
   (You found it in a bailey)

   Dex:       It affects your dexterity (+6).
   Regen:     It increases your rate of health regeneration.
 S - a +0 barding of flying (worn)
   (You took it off Vashnia on level 2 of the Snake Pit)
 W - a +0 kite shield of cold resistance
   (You found it in an ice cave)
 X - the +4 dragonskin cloak (worn)
   (You took it off Tiamat on level 1 of the Realm of Zot)

   It grants the wearer a chance to resist fire, cold, poison, electricity,
   acid, and negative energy.
Jewellery
 l - the ring of Unlygefu (right hand) {Will++ MP+9 Str-3}
   (You acquired it on level 2 of the Lair of Beasts)

   [ring of magical power]

   Str:       It affects your strength (-3).
   MP:        It affects your magic capacity (+9).
   Will:      It greatly increases your willpower.
 m - the ring "Jetin" {rF+ rC- rN++ Dex+6 Slay+2}
   (You took it off a deep elf annihilator on level 3 of the Elven Halls)

   [ring of dexterity]

   Dex:       It affects your dexterity (+6).
   Slay:      It affects your accuracy & damage with ranged weapons and melee
   (+2).
   rF:        It protects you from fire.
   rC:        It makes you vulnerable to cold.
   rN:        It greatly protects you from negative energy.
 n - the ring "Jaolep" {rPois rN+ rCorr Int-4 SInv}
   (You took it off a deep elf death mage on level 3 of the Elven Halls)

   [ring of see invisible]

   Int:       It affects your intelligence (-4).
   rPois:     It protects you from poison.
   rN:        It protects you from negative energy.
   SInv:      It lets you see invisible.
   rCorr:     It protects you from acid and corrosion.
 s - the ring of Tionast (left hand) {rPois Int+6 Dex+7 SInv}
   (You took it off a vault warden on level 5 of the Vaults)

   [ring of intelligence]

   Int:       It affects your intelligence (+6).
   Dex:       It affects your dexterity (+7).
   rPois:     It protects you from poison.
   SInv:      It lets you see invisible.
 v - the ring of the Fresh Dragonfruit {rF+ rC+ Str+4 Stlth+}
   (You took it off a deep elf blademaster on level 3 of the Elven Halls)

   [ring of protection from fire]

   Str:       It affects your strength (+4).
   rF:        It protects you from fire.
   rC:        It protects you from cold.
   Stlth:     It makes you more stealthy.
 D - the amulet "Jezixt" (around neck) {RegenMP rN+ Int+8 Dex-4}
   (You took it off a naga ritualist on level 4 of the Snake Pit)

   [amulet of magic regeneration]

   It increases your rate of magic regeneration.
   Int:       It affects your intelligence (+8).
   Dex:       It affects your dexterity (-4).
   rN:        It protects you from negative energy.
 F - a ring of ice
   (You took it off a tengu reaver on level 5 of the Vaults)
 O - a ring of ice
   (You took it off an ironbound convoker on level 5 of the Vaults)
 U - a ring of resist corrosion
   (You found it on level 2 of the Snake Pit)
Wands
 a - a wand of iceblast (48)
   (You found it on level 5 of the Dungeon)
 y - a wand of digging (17)
   (You found it on level 1 of the Swamp)
 I - a wand of acid (15)
   (You found it on level 3 of the Lair of Beasts)
 V - a wand of mindburst (7)
   (You took it off a tengu conjurer on level 2 of the Depths)
Scrolls
 c - 13 scrolls of fog
 d - 14 scrolls of enchant weapon
 e - 7 scrolls of magic mapping
 f - 7 scrolls of immolation
 j - 19 scrolls of enchant armour
 p - 16 scrolls of teleportation
 u - 12 scrolls of vulnerability
 z - 7 scrolls of fear
 B - 2 scrolls of summoning
 K - 2 scrolls of silence
 M - 6 scrolls of blinking
 Q - 2 scrolls of torment
 T - 2 scrolls of brand weapon
Potions
 b - 2 potions of magic
 g - 17 potions of heal wounds
 h - 7 potions of haste
 k - 15 potions of brilliance
 o - 4 potions of berserk rage
 r - 19 potions of curing
 w - 7 potions of resistance
 A - 10 potions of might
 E - 4 potions of ambrosia
 G - 10 potions of cancellation
 H - 7 potions of mutation
 Z - 3 potions of invisibility
Miscellaneous
 J - a lightning rod (4/4)
   (You found it on level 12 of the Dungeon)
 N - a phantom mirror
   (You found it in a Gauntlet)
 R - a phial of floods
   (You found it on level 5 of the Lair of Beasts)
 Y - a condenser vane
   (You found it on level 2 of the Lair of Beasts)


   Skills:
 + Level 18.3 Fighting
 - Level 1.3 Dodging
 - Level 2.1 Stealth
 - Level 10.0 Shields
 + Level 19.4 Spellcasting
 - Level 23.0 Conjurations
 - Level 7.0 Summonings
 - Level 6.8 Necromancy
 - Level 10.0 Translocations
 - Level 23.0 Fire Magic
 - Level 10.0 Earth Magic
 - Level 12.0 Invocations


You had 8 spell levels left.
You knew the following spells:

 Your Spells              Type           Power      Damage    Failure   Level
a - Ignition              Fire           66%        3d18      1%          8
b - Lehudib's Crystal Sp  Conj/Erth      58%        10d13     3%          8
c - Fire Storm            Conj/Fire      66%        8d17      3%          9
d - Necromutation         Tmut/Necr      33%        N/A       100%        8
f - Lee's Rapid Deconstr  Erth           48%        3d24*     1%          5
h - Passage of Golubria   Tloc           96%        N/A       1%          4
i - Dispersal             Tloc           48%        N/A       1%          6
j - Spellforged Servitor  Conj/Summ      56%        N/A       1%          7

Your spell library contained the following spells:

 Spells                   Type           Power      Damage    Failure   Level
 Apportation              Tloc           100%       N/A       0%          1
 Foxfire                  Conj/Fire      100%       2x1d9     0%          1
 Kiss of Death            Conj/Necr      100%       2d13      0%          1
 Magic Dart               Conj           100%       1d8       0%          1
 Sandblast                Erth           100%       2d20      0%          1
 Shock                    Conj/Air       100%       1d9       0%          1
 Blink                    Tloc           100%       N/A       0%          2
 Momentum Strike          Conj/Tloc      100%       3d10      0%          2
 Scorch                   Fire           100%       2d10      0%          2
 Searing Ray              Conj           100%       2d8       0%          2
 Static Discharge         Conj/Air       100%       2-7/arc   0%          2
 Dazzling Flash           Conj/Hex       100%       N/A       0%          3
 Hailstorm                Conj/Ice       100%       3d20      0%          3
 Inner Flame              Hex/Fire       100%       N/A       0%          3
 Kindle Blastsparks       Fire/Tloc/Air  100%       2d18      0%          3
 Stone Arrow              Conj/Erth      100%       3d13      0%          3
 Flame Wave               Conj/Fire      100%       2d21      0%          4
 Iskenderun's Mystic Bla  Conj/Tloc      100%       2d19      0%          4
 Sticky Flame             Conj/Fire      100%       2d11      0%          4
 Fireball                 Conj/Fire      66%        3d25      0%          5
 Iskenderun's Battlesphe  Conj           100%       2d15      0%          5
 Starburst                Conj/Fire      66%        6d17      0%          6
 Beastly Appendage        Tmut           90%        N/A       1%          1
 Freeze                   Ice            100%       1d10      1%          1
 Necrotise                Necr           100%       1d9       1%          1
 Slow                     Hex            100%       N/A       1%          1
 Summon Small Mammal      Summ           100%       N/A       1%          1
 Call Imp                 Summ           84%        N/A       1%          2
 Cigotuvi's Dreadful Rot  Necr/Pois/Air  100%       N/A       1%          2
 Ensorcelled Hibernation  Hex/Ice        90%        N/A       1%          2
 Passwall                 Tmut/Erth      62%        N/A       1%          2
 Poisonous Vapours        Pois/Air       90%        N/A       1%          2
 Sublimation of Blood     Necr           83%        N/A       1%          2
 Wereblood                Tmut           45%        N/A       1%          2
 Call Canine Familiar     Summ           84%        N/A       1%          3
 Confusing Touch          Hex            45%        N/A       1%          3
 Frozen Ramparts          Ice            90%        1d14      1%          3
 Gell's Gravitas          Tloc           96%        N/A       1%          3
 Ignite Poison            Fire/Tmut/Pois 87%        N/A       1%          3
 Lesser Beckoning         Tloc           100%       N/A       1%          3
 Mephitic Cloud           Conj/Pois/Air  87%        N/A       1%          3
 Ozocubu's Armour         Ice            45%        N/A       1%          3
 Portal Projectile        Hex/Tloc       100%       N/A       1%          3
 Spider Form              Tmut/Pois      45%        N/A       1%          3
 Summon Guardian Golem    Hex/Summ       68%        N/A       1%          3
 Swiftness                Air            45%        N/A       1%          3
 Teleport Other           Tloc           96%        N/A       1%          3
 Tukima's Dance           Hex            45%        N/A       1%          3
 Vampiric Draining        Necr           83%        2d11      1%          3
 Vhi's Electric Charge    Tloc/Air       100%       N/A       1%          3
 Anguish                  Hex/Necr       33%        N/A       1%          4
 Animate Armour           Summ/Erth      100%       N/A       1%          4
 Animate Dead             Necr           83%        N/A       1%          4
 Dispel Undead            Necr           83%        3d27      1%          4
 Fulminant Prism          Conj/Hex       50%        3d23      1%          4
 Leda's Liquefaction      Hex/Erth       37%        N/A       1%          4
 Manifold Assault         Tloc           96%        N/A       1%          4
 Petrify                  Tmut/Erth      75%        N/A       1%          4
 Summon Ice Beast         Ice/Summ       68%        N/A       1%          4
 Summon Lightning Spire   Summ/Air       68%        N/A       1%          4
 Agony                    Necr           83%        N/A       1%          5
 Arcjolt                  Conj/Air       50%        1d60      1%          5
 Borgnjor's Vile Clutch   Necr/Erth      45%        N/A       1%          5
 Freezing Cloud           Conj/Ice/Air   43%        6-21      1%          5
 Irradiate                Conj/Tmut      50%        3d28      1%          5
 Lightning Bolt           Conj/Air       50%        1d71      1%          5
 Summon Forest            Summ/Tloc      45%        N/A       1%          5
 Conjure Ball Lightning   Conj/Air       50%        3x3d17    1%          6
 Iron Shot                Conj/Erth      58%        9d11      1%          6
 Orb of Destruction       Conj           66%        9d16      1%          7
 Summon Mana Viper        Hex/Summ       68%        N/A       3%          5
 Airstrike                Air            22%        2d(4-20)  4%          4
 Cause Fear               Hex            22%        N/A       4%          4
 Ice Form                 Ice/Tmut       45%        N/A       4%          4
 Olgreb's Toxic Radiance  Pois           45%        N/A       4%          4
 Death Channel            Necr           41%        N/A       4%          6
 Summon Cactus Giant      Summ           42%        N/A       4%          6
 Statue Form              Tmut/Erth      50%        N/A       10%         6
 Malign Gateway           Summ/Tloc      45%        N/A       12%         7
 Alistair's Intoxication  Tmut/Pois      30%        N/A       13%         5
 Blade Hands              Tmut           22%        N/A       13%         5
 Metabolic Englaciation   Hex/Ice        22%        N/A       13%         5
 Silence                  Hex/Air        22%        N/A       13%         5
 Yara's Violent Unravell  Hex/Tmut       22%        3d10      13%         5
 Simulacrum               Ice/Necr       33%        N/A       19%         6
 Monstrous Menagerie      Summ           42%        N/A       22%         7
 Summon Hydra             Summ           42%        N/A       22%         7
 Haunt                    Necr/Summ      42%        N/A       24%         7
 Disjunction              Tloc           48%        N/A       45%         8
 Eringya's Noxious Bog    Tmut/Pois      22%        N/A       58%         6
 Summon Horrible Things   Summ           42%        N/A       87%         8
 Borgnjor's Revivificati  Necr           41%        N/A       88%         8
 Infestation              Necr           41%        N/A       88%         8
 Dragon Form              Tmut           22%        N/A       99%         7
 Enfeeble                 Hex            22%        N/A       99%         7
 Ozocubu's Refrigeration  Ice            22%        4d12      99%         7
 Storm Form               Tmut/Air       22%        N/A       99%         7
 Discord                  Hex            22%        N/A       100%        8
 Maxwell's Capacitive Co  Air            22%        ∞         100%        8
 Chain Lightning          Conj/Air       50%        3d67      99%         9
 Death's Door             Necr           41%        N/A       100%        9
 Dragon's Call            Summ           42%        N/A       100%        9
 Polar Vortex             Ice            22%        N/A       100%        9
 Shatter                  Erth           48%        3d37*     100%        9


Dungeon Overview and Level Annotations

Branches:
Dungeon (15/15)            Temple (0/1) D:7            Lair (5/5) D:10
  Swamp (4/4) Lair:2        Snake (4/4) Lair:2        Slime (0/5) Lair:5
    Orc (2/2) D:12            Elf (3/3) Orc:2        Vaults (5/5) D:14
  Crypt (0/3) Vaults:2     Depths (4/4) D:15            Zot (5/5) Depths:4
Ossuary (visited)          Bailey (visited)           IceCv (visited)
Desolation (visited)      Gauntlet (visited)

Altars:
Ashenzari
Cheibriados
Dithmenos
Elyvilon
Fedhas
Gozag
Hepliaklqana
Kikubaaqudgha
Okawaru
Qazlal
Ru
Sif Muna
Trog
Uskayaw
Vehumet
Wu Jian
Xom
Lugonu

Shops:
D:2 :   D:3 (   D:6 *   D:8 (   Orc:2 [*:(!**?!   Elf:1 =   Vaults:3 *
Depths:1 !   Depths:4 (=:?

Portals:
Hell: Depths:1 Depths:2 Depths:3 Depths:4
Abyss: Depths:3
Pandemonium: Orc:2 Depths:2
Ziggurat: Depths:3

Annotations:
D:4 2 transporters, Dowan; koil's ghost, amateur SpEn
D:13 exclusion: downstairs
D:14 Roxanne
Snake:3 2 transporters, Miqe's ghost, adept DsGl
Zot:3 Boris
Zot:5 1 exclusion


Innate Abilities, Weirdness & Mutations

You are completely covered in rugged brown scales. (AC +3, +7% HP)
Armour fits poorly on your strangely shaped body.
You have a long armoured tail.
You roll when moving toward enemies. (Rampage)
Your long tongue fully drains potion bottles. (2x potion effects)
Your tongue gives you trouble enunciating. (1.5x scroll delay)
Your mind is acute. (Int +4, Str/Dex -1)
You are clumsy. (Dex -2)
You occasionally lose the ability to drink potions when taking damage.


Message History

An Orb Guardian comes into view.
Casting: Fire Storm (dangerous; 5% risk of failure)
Confirm with . or Enter, or press ? or * to list all spells.
Aiming: Fire Storm (dangerous; 5% risk of failure)
Press: ? - help, Dir - move target, f - Orb Guardian
Aim: an Orb Guardian A raging storm of fire appears!
The great blast of fire engulfs the Orb Guardian!!!
The Orb Guardian is severely wounded.
You hear a shout!
The Orb Guardian is engulfed in blazing flames.
The Orb Guardian is engulfed in blazing flames.
The Orb Guardian hits your fire vortex!
An Orb Guardian comes into view.
The Orb Guardian is engulfed in blazing flames.
The Orb Guardian is engulfed in blazing flames. x2
Casting: Fire Storm (dangerous; 5% risk of failure)
Confirm with . or Enter, or press ? or * to list all spells.
You summon a servant imbued with your destructive magic!
The Orb Guardian is engulfed in blazing flames. x2
You puncture the Orb Guardian!
You kill the Orb Guardian!
Sif Muna accepts your kill. The Orb Guardian hits your fire vortex!
Your spellforged servitor casts a spell at the Orb Guardian.
The crystal spear hits the Orb Guardian!!!
The Orb Guardian closely misses your spellforged servitor.
You swap places.
An Orb Guardian comes into view.
The Orb Guardian closely misses your spellforged servitor.
The Orb Guardian closely misses your spellforged servitor.
The Orb Guardian hits your spellforged servitor!!
The Orb Guardian hits your spellforged servitor!!
Your spellforged servitor casts a spell at the Orb Guardian.
The crystal spear misses the Orb Guardian.
The Orb Guardian hits your spellforged servitor!! x2
Your spellforged servitor is destroyed!
Your spellforged servitor disappears in a puff of smoke!
Casting: Spellforged Servitor (mildly dangerous; 1% risk of failure)
Confirm with . or Enter, or press ? or * to list all spells.
You summon a servant imbued with your destructive magic!
You hit the Orb Guardian but do no damage.
You tail-slap the Orb Guardian.
The Orb Guardian is lightly wounded.
The Orb Guardian hits you but does no damage.
Your spellforged servitor casts a spell at the Orb Guardian.
The crystal spear hits the Orb Guardian!!!
You catch the helpless Orb Guardian completely off-guard!
You hit the Orb Guardian but do no damage.
Your tail-slap misses the Orb Guardian.
The Orb Guardian is heavily wounded.
The Orb Guardian hits your spellforged servitor!!
The Orb Guardian closely misses you.
The Orb Guardian hits your spellforged servitor!!
You block the Orb Guardian's attack.
You hit the Orb Guardian.
The Orb Guardian is heavily wounded.
You block the Orb Guardian's attack.
Your spellforged servitor casts a spell at the Orb Guardian.
The crystal spear hits the Orb Guardian!!!!
The Orb Guardian dies!
Sif Muna accepts your kill. The Orb Guardian hits you!!
You completely miss the Orb Guardian.
The Orb Guardian is almost dead.
The Orb Guardian hits you but does no damage.
You barely miss the Orb Guardian.
The Orb Guardian is almost dead.
The Orb Guardian hits you!
Your spellforged servitor casts a spell at the Orb Guardian.
The crystal spear hits the Orb Guardian!!!
The Orb Guardian dies!
Sif Muna accepts your kill.
HP restored.
A dread lich comes into view.
A dread lich is nearby!
Casting: Spellforged Servitor (mildly dangerous; 1% risk of failure)
Confirm with . or Enter, or press ? or * to list all spells.
Aiming: Fire Storm (dangerous; 5% risk of failure)
Press: ? - help, Dir - move target A raging storm of fire appears!
The great blast of fire engulfs the dread lich!!!
The dread lich partially resists.
The dread lich is heavily damaged.
You hear a shout!
You hear a roar!
The dread lich is engulfed in blazing flames.
The dread lich casts a spell.
Casting: Fire Storm (dangerous; 5% risk of failure)
Confirm with . or Enter, or press ? or * to list all spells.
Aiming: Fire Storm (dangerous; 5% risk of failure)
Press: ? - help, Dir - move target, f - fire vortex
Aim: a fire vortex (flame, friendly)
A raging storm of fire appears!
The great blast of fire engulfs the dread lich!!!
The dread lich partially resists.
You destroy the dread lich!
Sif Muna accepts your kill. x2
You feel a bit more experienced.
An Orb Guardian comes into view.
Casting: Fire Storm (dangerous; 5% risk of failure)
Confirm with . or Enter, or press ? or * to list all spells.
Aiming: Fire Storm (dangerous; 5% risk of failure)
Press: ? - help, Dir - move target, p - fire vortex A raging storm of fire appears!
The great blast of fire engulfs the Orb Guardian!!!
You kill the Orb Guardian!
Sif Muna accepts your kill.
Your spellforged servitor disappears in a puff of smoke!
You start resting.
A ghost moth comes into view.
The ghost moth moves out of view.
You start resting.
An Orb Guardian comes into view.
An Orb Guardian is nearby!
An Orb Guardian is nearby!
An Orb Guardian is nearby!
Casting: Fire Storm (dangerous; 5% risk of failure)
Confirm with . or Enter, or press ? or * to list all spells.
Aiming: Fire Storm (dangerous; 5% risk of failure)
Press: ? - help, Dir - move target A raging storm of fire appears!
The great blast of fire engulfs the Orb Guardian!!
You kill the Orb Guardian!
Sif Muna accepts your kill.
You start resting.
The ghost moth stares at you.
You feel your power leaking away.
Casting: Fire Storm (dangerous; 5% risk of failure)
Confirm with . or Enter, or press ? or * to list all spells.
Aiming: Fire Storm (dangerous; 5% risk of failure)
Press: ? - help, Dir - move target A raging storm of fire appears!
The great blast of fire engulfs the ghost moth!!!
The ghost moth is severely wounded.
You hear a shout!
You hear a roar!
An Orb Guardian comes into view.
The ghost moth is engulfed in blazing flames.
Casting: Fire Storm (dangerous; 5% risk of failure)
Confirm with . or Enter, or press ? or * to list all spells.
Aiming: Fire Storm (dangerous; 5% risk of failure)
Press: ? - help, Dir - move target, f - ghost moth
Aim: a ghost moth (almost dead, slightly transparent)
A raging storm of fire appears!
The great blast of fire engulfs the ghost moth!!!!
You kill the ghost moth!
Sif Muna accepts your kill.
The great blast of fire engulfs the Orb Guardian!!!
The Orb Guardian is severely wounded.
* * * LOW MAGIC WARNING * * *
The Orb Guardian is engulfed in blazing flames.
The Orb Guardian hits your fire vortex!!!
Your fire vortex dissipates!
The Orb Guardian is engulfed in blazing flames.
You kill the Orb Guardian!
Sif Muna accepts your kill.
You start resting.
Your fire vortex hits something.
Your fire vortex burns something!
Your fire vortex dissipates!
You start resting.
A Killer Klown comes into view. It is wielding a +12 club of freezing.
Casting: Fire Storm (dangerous; 5% risk of failure)
Confirm with . or Enter, or press ? or * to list all spells.
Aiming: Fire Storm (dangerous; 5% risk of failure)
Press: ? - help, Dir - move target A raging storm of fire appears!
The great blast of fire engulfs the Killer Klown!!!
The Killer Klown is heavily wounded.
* * * LOW MAGIC WARNING * * *
You hear a shout!
The Killer Klown is engulfed in blazing flames.
The Killer Klown is engulfed in blazing flames.
The Killer Klown skips for a moment.
The Killer Klown pies you viciously! The klown pie hits your fire vortex!!!
Your fire vortex dissipates!
The Killer Klown is engulfed in blazing flames.
Your fire vortex completely misses the Killer Klown.
Something barely misses the Killer Klown.
The Killer Klown blinks!
Casting: Fire Storm (dangerous; 5% risk of failure)
Confirm with . or Enter, or press ? or * to list all spells.
Aiming: Fire Storm (dangerous; 5% risk of failure)
Press: ? - help, Dir - move target, f - Killer Klown
Aim: a Killer Klown, wielding a +12 club of freezing (severely wounded)
A raging storm of fire appears!
The great blast of fire engulfs the Killer Klown!!!!
You kill the Killer Klown!
Sif Muna accepts your kill.
* * * LOW MAGIC WARNING * * *
You start resting.
An ancient lich comes into view.
The ancient lich casts a spell.
The ancient lich flickers and vanishes for a moment.
Casting: Fire Storm (dangerous; 5% risk of failure)
Confirm with . or Enter, or press ? or * to list all spells.
Aiming: Fire Storm (dangerous; 5% risk of failure)
Press: ? - help, Dir - move target, f - ancient lich
Aim: an ancient lich (fast, slightly transparent)
A raging storm of fire appears!
The great blast of fire engulfs the ancient lich!!
The ancient lich partially resists.
The ancient lich is lightly damaged.
* * * LOW MAGIC WARNING * * *
The ancient lich is engulfed in blazing flames.
The ancient lich gestures at you while chanting.
The bolt of acid misses you.
Casting: Fire Storm (dangerous; 5% risk of failure)
Confirm with . or Enter, or press ? or * to list all spells.
Aiming: Fire Storm (dangerous; 5% risk of failure)
Press: ? - help, Dir - move target, f/p - ancient lich
Aim: an ancient lich (flame, lightly damaged, fast, slightly transparent)
A raging storm of fire appears!
The great blast of fire engulfs the ancient lich!!!
The ancient lich partially resists.
The ancient lich is severely damaged.
* * * LOW MAGIC WARNING * * *
You feel less invigorated.
The ancient lich is engulfed in blazing flames.
Unknown command.
The crystal spear hits the ancient lich!!!
You destroy the ancient lich!
Sif Muna accepts your kill.
* * * LOW MAGIC WARNING * * *
A shadow dragon comes into view.
Wyrmbane glows as a worthy foe approaches.
The shadow dragon breathes negative energy at you.
The bolt of negative energy hits you. You partially resist.
You feel drained.
The shadow dragon bites you but does no damage.
The shadow dragon claws you!
The shadow dragon claws you but does no damage.
The shadow dragon attacks as you move away!
You block the shadow dragon's attack. The shadow dragon barely misses you.
The shadow dragon claws you but does no damage.
The shadow dragon bites you! You partially resist.
You feel drained. You block the shadow dragon's attack.
The shadow dragon claws you but does no damage.
The shadow dragon breathes negative energy at you.
The bolt of negative energy hits you! You partially resist.
You feel drained.
A tentacled monstrosity comes into view.
Casting: Lehudib's Crystal Spear (dangerous; 4% risk of failure)
Confirm with . or Enter, or press ? or * to list all spells.
You summon a servant imbued with your destructive magic!
* * * LOW MAGIC WARNING * * *
The shadow dragon bites your spellforged servitor but does no damage.
The shadow dragon barely misses your spellforged servitor.
The shadow dragon closely misses your spellforged servitor.
The tentacled monstrosity pulls the alarm!
The alarm trap emits a blaring wail!
A sentinel's mark forms upon you.
You hear a shout!
The shadow dragon breathes negative energy at you.
The bolt of negative energy hits you! You partially resist.
You feel drained.
Your spellforged servitor casts a spell at the shadow dragon.
The crystal spear misses the shadow dragon.
Your magical effects are unravelling.
You feel magically purged.
The sentinel's mark upon you fades away.
The shadow dragon closely misses your spellforged servitor.
The shadow dragon claws your spellforged servitor. x2
Magic courses through your body.
Your spellforged servitor points at the shadow dragon and mumbles some strange words.
The crystal spear hits the shadow dragon!!
The shadow dragon barely misses your spellforged servitor. x2
The shadow dragon claws your spellforged servitor but does no damage.
Casting: Spellforged Servitor (mildly dangerous; 1% risk of failure)
Confirm with . or Enter, or press ? or * to list all spells.
Aiming: Fire Storm (dangerous; 5% risk of failure)
Press: ? - help, Dir - move target
Okay, then.
The crystal spear hits the shadow dragon!!!!
The shadow dragon is almost dead.
The shadow dragon bites your spellforged servitor!
The shadow dragon claws your spellforged servitor. x2
The crystal spear hits the shadow dragon!!!
You kill the shadow dragon!
Sif Muna accepts your kill.
Your spellforged servitor gestures at the tentacled monstrosity while chanting.
The crystal spear hits the tentacled monstrosity!!!
The tentacled monstrosity closely misses your spellforged servitor.
The tentacled monstrosity tentacle-slaps your spellforged servitor.
The tentacled monstrosity barely misses your spellforged servitor.
The tentacled monstrosity closely misses your spellforged servitor.
The tentacled monstrosity tentacle-slaps your spellforged servitor but does no damage.
The tentacled monstrosity tentacle-slaps your spellforged servitor! x2
The tentacled monstrosity closely misses your spellforged servitor.
Your spellforged servitor points at the tentacled monstrosity and mumbles some strange words.
The crystal spear hits the tentacled monstrosity!!
The tentacled monstrosity tentacle-slaps your spellforged servitor.
The tentacled monstrosity tentacle-slaps your spellforged servitor!
The tentacled monstrosity tentacle-slaps your spellforged servitor but does no damage.
The tentacled monstrosity grabs your spellforged servitor.
The tentacled monstrosity constricts your spellforged servitor.
A moth of wrath comes into view.
The tentacled monstrosity tentacle-slaps your spellforged servitor. x2
The tentacled monstrosity tentacle-slaps your spellforged servitor but does no damage.
The tentacled monstrosity constricts your spellforged servitor!
Your spellforged servitor is destroyed!
Your spellforged servitor disappears in a puff of smoke!
The crystal spear hits the tentacled monstrosity!!!!
You kill the tentacled monstrosity!
Sif Muna accepts your kill.
The moth of wrath's fur bristles in rage as it notices you.
The crystal spear misses the moth of wrath.
A moth of wrath is nearby!
The crystal spear hits the moth of wrath!!!
You kill the moth of wrath!
Sif Muna accepts your kill.
* * * LOW MAGIC WARNING * * *
HP restored.
An Orb Guardian comes into view.
An Orb Guardian is nearby!
An Orb Guardian is nearby!
Casting: Lehudib's Crystal Spear (dangerous; 4% risk of failure)
Confirm with . or Enter, or press ? or * to list all spells.
You don't know that spell.
Casting: Lehudib's Crystal Spear (dangerous; 4% risk of failure)
Confirm with . or Enter, or press ? or * to list all spells.
You summon a servant imbued with your destructive magic!
* * * LOW MAGIC WARNING * * *
A dread lich comes into view.
Unknown command.
An Orb Guardian comes into view.
The dread lich gestures wildly while chanting.
You block the Orb Guardian's attack.
Your spellforged servitor gestures at the Orb Guardian while chanting.
The crystal spear hits the Orb Guardian!!
The Orb Guardian attacks as you move away!
The Orb Guardian hits you! x2
Casting: Spellforged Servitor (mildly dangerous; 1% risk of failure)
Confirm with . or Enter, or press ? or * to list all spells.
Aiming: Fire Storm (dangerous; 5% risk of failure)
Press: ? - help, Dir - move target, f - dread lich
Aim: a dread lich
Okay, then.
The dread lich mumbles some strange words.
Send 'em back where they came from!
Your spellforged servitor disappears in a puff of smoke!
Casting: Fire Storm (dangerous; 5% risk of failure)
Confirm with . or Enter, or press ? or * to list all spells.
Aiming: Fire Storm (dangerous; 5% risk of failure)
Press: ? - help, Dir - move target A raging storm of fire appears!
The great blast of fire engulfs the dread lich!!!
The dread lich partially resists.
The dread lich is heavily damaged.
The great blast of fire engulfs the Brimstone Fiend!!
The Brimstone Fiend partially resists.
The Brimstone Fiend is moderately wounded.
The Orb Guardian hits you but does no damage.
The dread lich mumbles some strange words.
The dread lich seems to speed up.
The Orb Guardian hits you!
Casting: Fire Storm (dangerous; 5% risk of failure)
Confirm with . or Enter, or press ? or * to list all spells.
Aiming: Fire Storm (dangerous; 5% risk of failure)
Press: ? - help, Dir - move target A raging storm of fire appears!
The great blast of fire engulfs the dread lich!!!
The dread lich partially resists.
The dread lich is almost destroyed.
The great blast of fire engulfs the Brimstone Fiend!!
The Brimstone Fiend partially resists.
The Brimstone Fiend is heavily wounded.
The dread lich is engulfed in blazing flames.
The dread lich touches your fire vortex!
You block the Orb Guardian's attack.
Casting: Fire Storm (dangerous; 5% risk of failure)
Confirm with . or Enter, or press ? or * to list all spells.
Aiming: Fire Storm (dangerous; 5% risk of failure)
Press: ? - help, Dir - move target, f - fire vortex
Aim: a fire vortex (flame, heavily damaged, friendly)
A raging storm of fire appears!
The great blast of fire engulfs the dread lich!!!
The dread lich partially resists.
You destroy the dread lich!
Sif Muna accepts your kill.
The Brimstone Fiend disappears in a puff of smoke!
The Orb Guardian hits you!! Something hits your fire vortex!
Your life force feels restored.
Your Spellcasting skill increases to level 19!
Unknown command.
The crystal spear hits the Orb Guardian!!!
You kill the Orb Guardian!
Sif Muna accepts your kill.
* * * LOW MAGIC WARNING * * *
You feel less invigorated. Something hits your fire vortex.
Something barely misses your fire vortex.
Your fire vortex hits something.
Your fire vortex burns something!
Your fire vortex dissipates!
Something hits your fire vortex!!
Your fire vortex dissipates!
An Orb Guardian is nearby!
An Orb Guardian is nearby!
Casting: Lehudib's Crystal Spear (dangerous; 4% risk of failure)
Confirm with . or Enter, or press ? or * to list all spells.
You miscast Spellforged Servitor.
You are very lightly contaminated with residual magic.
You are blasted with magical energy!
* * * LOW MAGIC WARNING * * *
What are your orders? t - Shout!
Orders for allies: a - Attack new target. r - Retreat! s - Stop attacking. g - Guard the area. f - Follow me.
Anything else - Cancel.
Gang up on whom?
Press: ? - help, Dir - move target, f - Orb Guardian
Aim: an Orb Guardian (lightly wounded) Attack!
The Orb Guardian hits your fire vortex!!!
Your fire vortex dissipates!
You hear a shout!
Casting: Spellforged Servitor (mildly dangerous; 1% risk of failure)
Confirm with . or Enter, or press ? or * to list all spells.
You summon a servant imbued with your destructive magic!
* * * LOW MAGIC WARNING * * *
The Orb Guardian hits you!!
A dread lich comes into view.
You block the Orb Guardian's attack.
The dread lich casts a spell.
Your spellforged servitor points at the Orb Guardian and mumbles some strange words.
The crystal spear hits the Orb Guardian!!!!
The Orb Guardian dies!
Sif Muna accepts your kill. Magic courses through your body.
Casting: Spellforged Servitor (mildly dangerous; 1% risk of failure)
Confirm with . or Enter, or press ? or * to list all spells.
Aiming: Fire Storm (dangerous; 5% risk of failure)
Press: ? - help, Dir - move target, f - Ice Fiend
Aim: an Ice Fiend (summoned)
A raging storm of fire appears!
The great blast of fire engulfs the Ice Fiend!!!!
The Ice Fiend is burned terribly!
You kill the Ice Fiend!
The Ice Fiend disappears in a puff of smoke!
The great blast of fire engulfs the dread lich!!!
The dread lich partially resists.
The dread lich is heavily damaged.
The dread lich is engulfed in blazing flames.
Casting: Fire Storm (dangerous; 5% risk of failure)
Confirm with . or Enter, or press ? or * to list all spells.
Aiming: Fire Storm (dangerous; 5% risk of failure)
Press: ? - help, Dir - move target, f - dread lich
Aim: a dread lich (flame, heavily damaged, slightly transparent)
A raging storm of fire appears!
The great blast of fire engulfs the dread lich!!!
The dread lich partially resists.
The dread lich is almost destroyed.
The dread lich is engulfed in blazing flames.
Casting: Fire Storm (dangerous; 5% risk of failure)
Confirm with . or Enter, or press ? or * to list all spells.
Aiming: Fire Storm (dangerous; 5% risk of failure)
Press: ? - help, Dir - move target, f/p - dread lich
Aim: a dread lich (almost destroyed, slightly transparent)
A raging storm of fire appears!
The great blast of fire engulfs the dread lich!!!
The dread lich partially resists.
You destroy the dread lich!
Sif Muna accepts your kill.
Casting: Fire Storm (dangerous; 5% risk of failure)
Confirm with . or Enter, or press ? or * to list all spells.
Aiming: Fire Storm (dangerous; 5% risk of failure)
Press: ? - help, Dir - move target, f - you That beam is likely to hit you.
Continue anyway?
Okay, then.
A klown pie appears from out of your range of vision.
The klown pie hits your fire vortex!!
Your fire vortex dissipates!
Your magical contamination has completely faded away.
A Killer Klown comes into view. It is wielding a +8 club of flaming.
A Killer Klown is nearby!
A Killer Klown is nearby!
A Killer Klown is nearby!
Casting: Fire Storm (dangerous; 5% risk of failure)
Confirm with . or Enter, or press ? or * to list all spells.
Aiming: Fire Storm (dangerous; 5% risk of failure)
Press: ? - help, Dir - move target Really fire at your spellforged servitor? [Y]es or [N]o only, please.
Really fire at your spellforged servitor?
Okay, then.
Casting: Fire Storm (dangerous; 5% risk of failure)
Confirm with . or Enter, or press ? or * to list all spells.
Aiming: Fire Storm (dangerous; 5% risk of failure)
Press: ? - help, Dir - move target Really fire at your spellforged servitor?
A raging storm of fire appears!
The great blast of fire engulfs the Killer Klown!!!
The Killer Klown is heavily wounded.
The Killer Klown is engulfed in blazing flames.
The Killer Klown blinks! x2
Casting: Fire Storm (dangerous; 5% risk of failure)
Confirm with . or Enter, or press ? or * to list all spells.
You don't know that spell.
The crystal spear hits the Killer Klown!!!!
You kill the Killer Klown!
Sif Muna accepts your kill.
* * * LOW MAGIC WARNING * * *
Your Fighting skill increases to level 18!
Your spellforged servitor disappears in a puff of smoke!
Magic restored.
You see here a +8 club of flaming.
A tentacled monstrosity comes into view.
A tentacled monstrosity is nearby!
Casting: Lehudib's Crystal Spear (dangerous; 4% risk of failure)
Confirm with . or Enter, or press ? or * to list all spells.
Aiming: Fire Storm (dangerous; 5% risk of failure)
Press: ? - help, Dir - move target A raging storm of fire appears!
The great blast of fire engulfs the tentacled monstrosity!!!
The tentacled monstrosity partially resists.
The tentacled monstrosity is heavily wounded.
The tentacled monstrosity is engulfed in blazing flames.
Casting: Fire Storm (dangerous; 5% risk of failure)
Confirm with . or Enter, or press ? or * to list all spells.
Aiming: Fire Storm (dangerous; 5% risk of failure)
Press: ? - help, Dir - move target, f - fire vortex
Aim: a fire vortex (flame, friendly)
A raging storm of fire appears!
The great blast of fire engulfs the tentacled monstrosity!!!
The tentacled monstrosity partially resists.
The tentacled monstrosity is almost dead.
The tentacled monstrosity is engulfed in blazing flames.
Casting: Fire Storm (dangerous; 5% risk of failure)
Confirm with . or Enter, or press ? or * to list all spells.
Aiming: Fire Storm (dangerous; 5% risk of failure)
Press: ? - help, Dir - move target, f - tentacled monstrosity, p - fire vortex
Aim: a tentacled monstrosity (flame, almost dead)
A raging storm of fire appears!
The great blast of fire engulfs the tentacled monstrosity!!!
The tentacled monstrosity partially resists.
You kill the tentacled monstrosity!
Sif Muna accepts your kill.
Key pressed, stopping explore.
Things that are here:
a +12 club of freezing; a Killer Klown corpse
Found the Orb of Zot and a chain mail.
You see here a +0 chain mail.
Found a ring of magical power.
You see here the Orb of Zot.
Okay, then.
You feel yourself speed up.
You pick up the Orb of Zot!
The Orb lets out a hideous shriek!
The lords of Pandemonium are not amused.
Beware!
Now all you have to do is get back out of the dungeon!
An Orb Guardian comes into view.
Casting: Fire Storm (dangerous; 5% risk of failure)
Confirm with . or Enter, or press ? or * to list all spells.
You summon a servant imbued with your destructive magic!
Your spellforged servitor casts a spell at the Orb Guardian.
The crystal spear hits the Orb Guardian!!!!
The Orb Guardian dies!
Sif Muna accepts your kill.
(D) Dungeon (T) Temple (L) Lair (S) Swamp (P) Snake Pit (M) Slime Pits (O) Orcish Mines (E) Elven Halls (V) Vaults (C) Crypt (U) Depths (H) Hell (Z) Zot
Where to? (Enter - Zot:5 @ (x,y), ? - help)
A reaper comes into view. It is wielding a +0 vorpal scythe.
You see here a +10 antimagic club.
Your extra speed is starting to run out.
An orb of fire comes into view.
You feel yourself slow down.
Casting: Spellforged Servitor (mildly dangerous; 1% risk of failure)
Confirm with . or Enter, or press ? or * to list all spells.
You summon a servant imbued with your destructive magic!
The orb of fire glows red.
The bolt of fire misses you.
You can't see any susceptible monsters within range! (Use Z to cast anyway.)
The orb of fire glows bright magenta.
Strange energies course through your body.
You feel clever.
The orb of fire glows bright magenta.
The fireball explodes!
The fireball engulfs you!! You resist.
The fireball engulfs your spellforged servitor!
Your spellforged servitor resists.
Your spellforged servitor gestures at the orb of fire while chanting.
The crystal spear misses the orb of fire.
The crystal spear hits the orb of fire!!!
The orb of fire is moderately damaged.
The crystal spear hits the orb of fire!!!
The orb of fire is severely damaged.
Your spellforged servitor gestures at the orb of fire while chanting.
The crystal spear hits the orb of fire!!!
The orb of fire is destroyed!
Sif Muna accepts your kill.
An Ice Fiend comes into view.
Casting: Lehudib's Crystal Spear (dangerous; 3% risk of failure)
Confirm with . or Enter, or press ? or * to list all spells.
Aiming: Fire Storm (dangerous; 4% risk of failure)
Press: ? - help, Dir - move target A raging storm of fire appears!
The great blast of fire engulfs the Ice Fiend!!!
The Ice Fiend is burned terribly!
The Ice Fiend is heavily wounded.
The Ice Fiend is engulfed in blazing flames.
What are your orders? t - Shout!
Orders for allies: a - Attack new target. r - Retreat! s - Stop attacking. g - Guard the area. f - Follow me.
Anything else - Cancel.
Gang up on whom?
Press: ? - help, Dir - move target, f - Ice Fiend
Aim: an Ice Fiend (flame, heavily wounded, ally target) Attack!
Your fire vortex hits the Ice Fiend.
Your fire vortex burns the Ice Fiend!
The Ice Fiend is burned terribly!
Your fire vortex dissipates!
The Ice Fiend is engulfed in blazing flames.
The Ice Fiend is engulfed in blazing flames.
You kill the Ice Fiend!
Sif Muna accepts your kill.
You swap places.
HP restored.
There is a stone staircase leading up here.
You fly upwards.
Your summoned ally is left behind.
There is a stone staircase leading down here.
There is a stone staircase leading up, spattered with blood here.
You fly upwards.
There is a stone staircase leading down here.
There is an open door here.
Magic restored.
There is a stone staircase leading up here.
You fly upwards.
There is a stone staircase leading down here.
A tormentor comes into view.
The tormentor roars!
You can't go up here!
The crystal spear hits the tormentor!!!!
You kill the tormentor!
Sif Muna accepts your kill.
(D) Dungeon (T) Temple (L) Lair (S) Swamp (P) Snake Pit (M) Slime Pits (O) Orcish Mines (E) Elven Halls (V) Vaults (C) Crypt (U) Depths (H) Hell (Z) Zot
Where to? (Enter - Zot:2 @ (x,y), ? - help)
A ynoxinul comes into view.
You can't go up here!
The crystal spear hits the ynoxinul!!!!
You kill the ynoxinul!
Sif Muna accepts your kill.
You see here a Young Poisoner's Handbook {god gift}.
Sif Muna grants you a gift!
(D) Dungeon (T) Temple (L) Lair (S) Swamp (P) Snake Pit (M) Slime Pits (O) Orcish Mines (E) Elven Halls (V) Vaults (C) Crypt (U) Depths (H) Hell (Z) Zot
Where to? (Enter - Zot:2 @ (x,y), ? - help)
Okay, then.
Unknown command.
(D) Dungeon (T) Temple (L) Lair (S) Swamp (P) Snake Pit (M) Slime Pits (O) Orcish Mines (E) Elven Halls (V) Vaults (C) Crypt (U) Depths (H) Hell (Z) Zot
Where to? (Enter - Zot:2 @ (x,y), ? - help)
A chaos spawn comes into view.
(D) Dungeon (T) Temple (L) Lair (S) Swamp (P) Snake Pit (M) Slime Pits (O) Orcish Mines (E) Elven Halls (V) Vaults (C) Crypt (U) Depths (H) Hell (Z) Zot
Where to? (Enter - Zot:1, ? - help)
A chaos spawn is nearby!
You see here a +0 scimitar.
You see here a +0 glaive.
You see here a +0 hand axe.
There is a stone staircase leading up here.
You fly upwards.
There is a stone staircase leading down here.
There is a gate leading back out of this place here.
You fly up through the gate.
Welcome back to the Depths!
There is a gate to the Realm of Zot here.
There is an open door here.
Things that are here:
a +0 cloak; a +0 long sword
There is an open door here.
Things that are here:
a +0 cloak; a +2 vorpal long sword
There is an open gate here.
A toenail golem comes into view.
The crystal spear hits the toenail golem!!!!
You destroy the toenail golem!
Sif Muna accepts your kill.
(D) Dungeon (T) Temple (L) Lair (S) Swamp (P) Snake Pit (M) Slime Pits (O) Orcish Mines (E) Elven Halls (V) Vaults (C) Crypt (U) Depths (H) Hell (Z) Zot
Where to? (Enter - Depths:4 @ (x,y), ? - help) Magic restored.
There is an open door here.
A green death comes into view.
The green death roars!
Casting: Lehudib's Crystal Spear (dangerous; 3% risk of failure)
Confirm with . or Enter, or press ? or * to list all spells.
Aiming: Fire Storm (dangerous; 4% risk of failure)
Press: ? - help, Dir - move target A raging storm of fire appears!
The great blast of fire engulfs the green death!!!
The green death is almost dead.
The green death is engulfed in blazing flames.
You kill the green death!
Sif Muna accepts your kill.
Casting: Fire Storm (dangerous; 4% risk of failure)
Confirm with . or Enter, or press ? or * to list all spells.
You don't know that spell.
(D) Dungeon (T) Temple (L) Lair (S) Swamp (P) Snake Pit (M) Slime Pits (O) Orcish Mines (E) Elven Halls (V) Vaults (C) Crypt (U) Depths (H) Hell (Z) Zot
Where to? (Enter - Depths:4 @ (x,y), ? - help)
You reach down and open the door.
There is an open door here.
There is a fountain of clear blue water here.
There is a dry fountain here.
You reach down and open the door.
There is an open door here.
There is a stone staircase leading up here.
You fly upwards.
There is a stone staircase leading down here.
A green death comes into view.
The green death roars!
You can't go up here!
The crystal spear hits the green death!!!
The green death is severely wounded.
The crystal spear hits the green death!!!!
You kill the green death!
Sif Muna accepts your kill.
(D) Dungeon (T) Temple (L) Lair (S) Swamp (P) Snake Pit (M) Slime Pits (O) Orcish Mines (E) Elven Halls (V) Vaults (C) Crypt (U) Depths (H) Hell (Z) Zot
Where to? (Enter - Depths:3 @ (x,y), ? - help)
An orange demon comes into view.
An orange demon is nearby!
There is a stone staircase leading up here.
You fly upwards.
There is a stone staircase leading down, spattered with blood here.
There is a stone staircase leading up here.
You fly upwards.
There is a stone staircase leading down here.
There is an open door here.
There is an open door here.
Things that are here:
a +2 ring mail of poison resistance; a +0 vorpal great sword
There is an open door here.
There is a staircase back to the Dungeon, spattered with blood here.
You fly upwards.
Welcome back to the Dungeon!
There is a staircase to the Depths here.
You see here a +0 robe.
An Orb Guardian comes into view.
The crystal spear hits the Orb Guardian!!!!
The Orb Guardian is almost dead.
The crystal spear hits the Orb Guardian!!!
You kill the Orb Guardian!
Sif Muna accepts your kill.
(D) Dungeon (T) Temple (L) Lair (S) Swamp (P) Snake Pit (M) Slime Pits (O) Orcish Mines (E) Elven Halls (V) Vaults (C) Crypt (U) Depths (H) Hell (Z) Zot
Where to? (Enter - D:15 @ (x,y), ? - help)
A profane servitor comes into view.
It is wielding a +1 whip of electrocution.
You can't go up here!
Casting: Lehudib's Crystal Spear (dangerous; 3% risk of failure)
Confirm with . or Enter, or press ? or * to list all spells.
Aiming: Fire Storm (dangerous; 4% risk of failure)
Press: ? - help, Dir - move target, f - profane servitor
Aim: a profane servitor, wielding a +1 whip of electrocution (umbra)
A raging storm of fire appears!
The great blast of fire engulfs the profane servitor!!!
The profane servitor is heavily damaged.
The profane servitor is engulfed in blazing flames.
The profane servitor is engulfed in blazing flames. x2
Casting: Fire Storm (dangerous; 4% risk of failure)
Confirm with . or Enter, or press ? or * to list all spells.
Aiming: Fire Storm (dangerous; 4% risk of failure)
Press: ? - help, Dir - move target, f/p - profane servitor
Aim: a profane servitor, wielding a +1 whip of electrocution (heavily damaged, umbra)
A raging storm of fire appears!
The great blast of fire engulfs the profane servitor!!!!
The profane servitor is almost destroyed.
The profane servitor is engulfed in blazing flames.
You destroy the profane servitor!
Sif Muna accepts your kill.
Things that are here:
a +0 plate armour; a +0 bardiche
Things that are here:
a +0 ring mail; a +2 long sword of draining; a +0 arbalest
Things that are here:
a +0 great mace; a +0 dire flail You see here a +0 mace of venom.
There is a stone staircase leading up here.
You fly upwards.
Level annotation: Roxanne
There is a stone staircase leading down here.
There is a stone staircase leading up, spattered with blood here.
You fly upwards.
Level annotation: exclusion: downstairs
There is a stone staircase leading down here.
Magic restored.
There is a stone staircase leading up here.
You fly upwards.
There is a stone staircase leading down here.
There is an escape hatch in the ceiling here.
A mysterious force pulls you upwards. The hatch slams shut behind you.
An Orb Guardian comes into view.
You can't go up here!
Casting: Fire Storm (dangerous; 4% risk of failure)
Confirm with . or Enter, or press ? or * to list all spells.
Aiming: Fire Storm (dangerous; 4% risk of failure)
Press: ? - help, Dir - move target A raging storm of fire appears!
The great blast of fire engulfs the Orb Guardian!!!
The Orb Guardian is severely wounded.
The Orb Guardian hits your fire vortex!
Something barely misses your fire vortex.
An Orb Guardian comes into view.
A Pyruph, a large abomination and a chaos spawn come into view.
Casting: Fire Storm (dangerous; 4% risk of failure)
Confirm with . or Enter, or press ? or * to list all spells.
Aiming: Fire Storm (dangerous; 4% risk of failure)
Press: ? - help, Dir - move target, f - Pyruph
Aim: Pyruph
Okay, then.
You feel yourself speed up.
The chaos spawn's many legs skitter.
There is a stone staircase leading up here.
The Orb Guardian hits you!
You fly upwards.
There is a stone staircase leading down here.
Casting: Fire Storm (dangerous; 4% risk of failure)
Confirm with . or Enter, or press ? or * to list all spells.
You don't know that spell.
The crystal spear hits the Orb Guardian!!!
The Orb Guardian is severely wounded.
The Orb Guardian barely misses you.
The crystal spear hits the Orb Guardian!!!
You kill the Orb Guardian!
Sif Muna accepts your kill.
(D) Dungeon (T) Temple (L) Lair (S) Swamp (P) Snake Pit (M) Slime Pits (O) Orcish Mines (E) Elven Halls (V) Vaults (C) Crypt (U) Depths (H) Hell (Z) Zot
Where to? (Enter - D:11 @ (x,y), ? - help) HP restored.
There is an open door here.
Things that are here:
a +0 leather armour; a +0 club
There is an open door here.
An Orb Guardian comes into view.
There is an open door here.
(D) Dungeon (T) Temple (L) Lair (S) Swamp (P) Snake Pit (M) Slime Pits (O) Orcish Mines (E) Elven Halls (V) Vaults (C) Crypt (U) Depths (H) Hell (Z) Zot
Where to? (Enter - D:9, ? - help)
Okay, then.
The crystal spear hits the Orb Guardian!!!
The Orb Guardian is heavily wounded.
The crystal spear hits the Orb Guardian!!!
You kill the Orb Guardian!
Sif Muna accepts your kill.
(D) Dungeon (T) Temple (L) Lair (S) Swamp (P) Snake Pit (M) Slime Pits (O) Orcish Mines (E) Elven Halls (V) Vaults (C) Crypt (U) Depths (H) Hell (Z) Zot
Where to? (Enter - D:9, ? - help)
There is a stone staircase leading up here.
You fly upwards.
There is a stone staircase leading down here.
There is an open door here.
A lorocyproca comes into view.
You can't go up here!
The crystal spear hits the lorocyproca!!!!
The lorocyproca is almost dead.
The crystal spear hits the lorocyproca!!
You kill the lorocyproca!
Sif Muna accepts your kill.
(D) Dungeon (T) Temple (L) Lair (S) Swamp (P) Snake Pit (M) Slime Pits (O) Orcish Mines (E) Elven Halls (V) Vaults (C) Crypt (U) Depths (H) Hell (Z) Zot
Where to? (Enter - D:9 @ (x,y), ? - help)
There is an open door here.
Things that are here:
a +0 club; a +0 robe; a +0 great sword
There is an open door here.
Things that are here:
a +0 robe; a +0 war axe Your extra speed is starting to run out.
You feel yourself slow down.
Things that are here:
a +0 giant club; a +0 giant club
There is a stone staircase leading up, spattered with blood here.
You fly upwards.
There is a stone staircase leading down here.
There is an open door here.
An ice devil comes into view.
You can't go up here!
There is a stone staircase leading up here.
You fly upwards.
There is a stone staircase leading down here.
Magic restored.
There is a stone staircase leading up here.
You fly upwards.
There is a stone staircase leading down here.
There is a stone staircase leading up here.
You fly upwards.
There is a stone staircase leading down here.
There is a stone staircase leading down here.
There is a stone staircase leading up here.
You fly upwards.
Level annotation: 2 transporters, Dowan; koil's ghost, amateur SpEn
There is a stone staircase leading down here.
You reach down and open the door.
There is an open door here.
A Tzitzimitl comes into view.
You can't go up here!
There is a stone staircase leading up here.
You fly upwards.
There is a stone staircase leading down here.
You see here a +0 ring mail.
You see here a +0 scale mail.
There is a stone staircase leading up here.
You fly upwards. 2 sun demons come into view.
There is a stone staircase leading down here.
There are monsters nearby!
You roll towards the sun demon!
A balrug comes into view. It is wielding a +0 demon whip.
The balrug shouts!
The sun demon shouts! x2
The crystal spear hits the sun demon!!!!
You kill the sun demon!
Sif Muna accepts your kill.
You can't see any susceptible monsters within range! (Use Z to cast anyway.)
You roll towards the sun demon!
The crystal spear hits the sun demon!!!
You kill the sun demon!
Sif Muna accepts your kill.
The crystal spear hits the balrug!!!!
You kill the balrug!
Sif Muna accepts your kill.
(D) Dungeon (T) Temple (L) Lair (S) Swamp (P) Snake Pit (M) Slime Pits (O) Orcish Mines (E) Elven Halls (V) Vaults (C) Crypt (U) Depths (H) Hell (Z) Zot
Where to? (Enter - D:2 @ (x,y), ? - help)
You see here a +0 demon whip.
There is a stone staircase leading up here.
You fly upwards.
There is a stone staircase leading down here.
Magic restored.
You see here a +0 whip.
A lich comes into view.
You can't go up here!
Casting: Lehudib's Crystal Spear (dangerous; 3% risk of failure)
Confirm with . or Enter, or press ? or * to list all spells.
Aiming: Fire Storm (dangerous; 3% risk of failure)
Press: ? - help, Dir - move target A raging storm of fire appears!
The great blast of fire engulfs the lich!!!
The lich is almost destroyed.
Sif Muna accepts your kill.
You feel a bit more experienced.
Osixud comes into view.
Your fire vortex closely misses Osixud.
The lich is engulfed in blazing flames.
The lich touches your fire vortex.
You see here 4 stones.
Really fly into that cloud of flame?
Okay, then.
Casting: Fire Storm (dangerous; 3% risk of failure)
Confirm with . or Enter, or press ? or * to list all spells.
Aiming: Fire Storm (dangerous; 3% risk of failure)
Press: ? - help, Dir - move target A raging storm of fire appears!
The great blast of fire engulfs Osixud!!!
Osixud is severely wounded.
The great blast of fire engulfs the lich!!!!
You destroy the lich!
Sif Muna accepts your kill.
Osixud is engulfed in blazing flames.
Casting: Fire Storm (dangerous; 3% risk of failure)
Confirm with . or Enter, or press ? or * to list all spells.
Aiming: Fire Storm (dangerous; 3% risk of failure)
Press: ? - help, Dir - move target, f - fire vortex
Aim: a fire vortex (friendly)
A raging storm of fire appears!
The great blast of fire engulfs Osixud!!!
Osixud is almost dead.
Your fire vortex hits Osixud.
Your fire vortex burns Osixud!
Osixud dies!
Sif Muna accepts your kill.
Your fire vortex dissipates!
(D) Dungeon (T) Temple (L) Lair (S) Swamp (P) Snake Pit (M) Slime Pits (O) Orcish Mines (E) Elven Halls (V) Vaults (C) Crypt (U) Depths (H) Hell (Z) Zot
Where to? (Enter - D:1 @ (x,y), ? - help)
You swap places.
You swap places.
You reach down and open the door.
There is an open door here.
There is a staircase leading out of the dungeon here.
You have escaped!

#.####..#
#.#######.
#'#####'#
#.......#.
#~..≈P.~#
######.##.
#PP.~..~#
#....
#~~P.≈.P#
#####
#~P..~P≈#
#≈.P.P≈P#
#≈...####
#≈~~...@#
#########


There were no monsters in sight!

Vanquished Creatures
  6 dread liches
  Tiamat (Zot:1)
  6 ancient liches
  A juggernaut (Depths:4)
  Sojobo (Depths:1)
  Josephina (Zot:3)
  6 Killer Klowns
  Boris (twice) (Vaults:4 Depths:4)
  Vashnia (Snake:2)
  Bai Suzhen (Depths:1)
  the Lernaean hydra (Swamp:4)
  3 curse toes
  6 golden dragons
  Nikola (Swamp:1)
  A profane servitor (D:15)
  An electric golem (Zot:5)
  An iron giant (shapeshifter) (Elf:3)
  A walking crystal tome (Zot:3)
  Jorgrun (D:12)
  23 Orb Guardians
  An Ice Fiend (Zot:5)
  2 quicksilver dragons (Zot:2)
  11 tentacled monstrosities
  2 walking earthen tomes
  3 liches
  5 titans
  3 deep elf blademasters
  A walking divine tome (Zot:3)
  3 deep elf master archers (Elf:3)
  5 death cobs
  Gastronok (Lair:1)
  6 sphinxes
  The ghost of Asceticacid the Nimble, an adept GnGl of Jiyva (Elf:2)
  Agnes (Snake:1)
  18 storm dragons
  A thorn hunter (Swamp:3)
  8 tengu reavers
  2 fenstrider witches
  Donald (Snake:3)
  3 iron dragons
  2 draconian monks
  18 nagarajas (Snake:4)
  9 shadow dragons
  5 draconian knights
  5 fire giants
  2 narguns (Zot:3)
  Aizul (Snake:1)
  3 frost giants
  3 draconian scorchers
  3 imperial myrmidons (Desolation)
  2 deep elf sorcerers (Elf:3)
  15 vault wardens
  3 orc warlords
  5 draconian shifters
  2 ghost moths
  3 balrugs
  15 ironbound preservers
  A deep elf elementalist (Depths:3)
  A curse skull (Zot:3)
  4 draconian annihilators
  3 spriggan defenders
  5 ironbound thunderhulks
  An elemental wellspring (Depths:3)
  3 vampire knights
  8 stone giants
  3 war gargoyles
  10 very ugly things
  6 eleionomae
  7 green draconians
  8 yellow draconians
  3 bunyips
  8 black draconians
  8 dire elephants
  A lorocyproca (D:9)
  13 purple draconians
  A black draconian (shapeshifter) (Zot:3)
  4 deep elf annihilators
  10 red draconians
  4 deep elf demonologists
  7 white draconians
  5 deep elf death magi
  A red draconian (shapeshifter) (Zot:3)
  4 spark wasps (Depths:3)
  6 fire dragons
  5 crystal guardians
  4 ettins
  3 entropy weavers
  2 shambling mangroves
  2 green deaths
  8 deep elf high priests
  Fannar (Lair:1)
  9 great orbs of eyes
  3 servants of whispers (Desolation)
  14 yaktaur captains
  2 ragged hierophants (Desolation)
  15 ice dragons
  Harold (Lair:1)
  4 rakshasas
  32 vault guards
  8 salamander tyrants
  19 hydras
  4 ghost crabs
  3 demonspawn (Orc:2)
  A jorogumo (shapeshifter) (Vaults:4)
  4 ogre magi
  7 spriggan air magi
  6 anacondas
  10 peacekeepers
  A juggernaut simulacrum (Depths:2)
  A catoblepas (Lair:5)
  17 dancing weapons
  Erica (D:10)
  2 deep troll shamans
  11 two-headed ogres
  3 death knights
  A satyr (shapeshifter) (Depths:4)
  7 ironbound frosthearts
  10 naga warriors
  14 centaur warriors
  15 death yaks
  6 alligators
  6 orc high priests
  7 boulder beetles
  9 spriggan berserkers
  6 deep troll earth magi
  2 vampire magi
  4 hell knights (Depths:1)
  8 shock serpents
  11 deep elf knights
  A thrashing horror (Gauntlet)
  4 tengu warriors
  Urug (D:13)
  2 sun demons (D:2)
  18 naga sharpshooters
  5 iron trolls
  3 soul eaters (Depths:2)
  9 spriggans
  5 goliath frogs
  4 salamander mystics
  3 nameless horrors
  2 glowing orange brains
  A glowing orange brain (shapeshifter) (Vaults:5)
  A flayed ghost (Vaults:1)
  A golden dragon zombie (Vaults:5)
  A quicksilver dragon simulacrum (Zot:3)
  2 orb spiders (Zot:3)
  A bog body (Swamp:1)
  7 spriggan druids
  10 swamp dragons
  12 lindwurms
  9 naga ritualists
  52 deep trolls
  16 ironbound convokers
  18 wizards
  5 deep elf archers
  13 orc knights
  3 phantasmal warriors (Vaults:5)
  6 necromancers
  A wolf spider (D:15)
  3 oklob plants (Lair:5)
  23 deep elf zephyrmancers
  5 harpies (Vaults:1)
  66 ugly things
  22 deep elf pyromancers
  2 wolf spider zombies (Gauntlet)
  8 will-o-the-wisps
  12 mana vipers
  A cyclops (shapeshifter) (D:13)
  3 orc sorcerers
  20 moths of wrath
  4 cyclopes
  3 manticores
  A shining eye (shapeshifter) (Vaults:5)
  9 naga magi
  18 salamanders
  9 guardian serpents
  Maurice (D:10)
  A toenail golem (Depths:4)
  5 elephants (Lair:5)
  41 black mambas
  An ice statue (IceCv)
  20 vault sentinels
  An apocalypse crab (Zot:3)
  3 water nymphs (Depths:3)
  A water nymph (shapeshifter) (D:14)
  A storm dragon simulacrum (Zot:3)
  2 smoke demons (Orc:2)
  A gargoyle (D:13)
  An orange demon (Orc:2)
  7 rime drakes
  2 unseen horrors
  28 yaktaurs
  7 cane toads
  13 komodo dragons
  Maggie (D:6)
  Psyche (D:11)
  A rime drake (shapeshifter) (Depths:2)
  2 efreet
  A tormentor (Zot:2)
  5 tengu conjurers
  2 harpy zombies (Zot:3)
  A hellwing (D:1)
  2 ice devils (Lair:3)
  A bloated husk (Swamp:1)
  3 meliai (Gauntlet)
  10 tyrant leeches
  7 trolls
  A merfolk (Depths:3)
  10 polar bears
  A shadow dragon simulacrum (Vaults:5)
  18 saltlings (Desolation)
  Prince Ribbit (D:7)
  16 blink frogs
  3 raiju (Zot:3)
  A frost giant simulacrum (Vaults:1)
  38 slime creatures
  10 dream sheep
  A draconian simulacrum (Zot:3)
  A flying skull (Vaults:2)
  15 hornets
  A centaur simulacrum (D:15)
  2 air elementals (Elf:1)
  A culicivora (Vaults:3)
  A jumping spider (Vaults:3)
  4 water elementals
  2 shadows
  81 yaks
  A ynoxinul (Zot:2)
  7 wyverns
  2 wraiths
  4 fire elementals (Elf:2)
  Grum (D:10)
  A steam dragon (D:9)
  8 basilisks
  4 redbacks
  2 glowing shapeshifter zombies
  29 nagas
  6 vampire mosquitoes
  A small abomination (Gauntlet)
  16 swamp worms
  2 acid dragons (D:11)
  4 wargs
  A moth of wrath simulacrum (Zot:3)
  21 water moccasins
  2 floating eyes
  39 orc warriors
  3 ice beasts
  A human zombie (Vaults:1)
  5 black bears
  11 swamp drakes
  34 wolves
  4 boggarts
  A human skeleton (Vaults:5)
  8 ogres
  22 centaurs
  2 phantoms (D:5)
  A kobold brigand (D:8)
  Blork the orc (D:5)
  11 bullfrogs
  2 gnoll sergeants
  An earth elemental (Elf:1)
  2 necrophages
  3 scorpions
  15 wights
  17 killer bees
  5 electric eels
  3 howler monkeys (D:8)
  A crimson imp (Orc:2)
  3 jellies
  21 orc priests
  4 hounds
  2 iron imps
  16 orc wizards
  3 mummies (Ossuary)
  Robin (D:4)
  5 adders
  13 gnolls
  A shadow imp (Orc:2)
  2 white imps
  An ufetubus (D:4)
  3 worms
  A dart slug (D:5)
  91 orcs
  8 ball pythons
  3 bats
  4 endoplasms
  4 giant cockroaches
  14 goblins
  7 hobgoblins
  3 jackals (D:4)
  21 kobolds
  4 quokkas
  4 frilled lizards
  6 goblin zombies
  3 hobgoblin zombies (Ossuary)
  2 kobold zombies (Ossuary)
  An orc zombie (Ossuary)
  5 rats
  9 butterflies
  2 fire vortices
  2 fulminant prisms
2062 creatures vanquished.

Vanquished Creatures (collateral kills)
  3 orbs of fire (Zot:5)
  Mara (Depths:2)
  2 golden dragons
  An electric golem (Zot:2)
  7 tentacled monstrosities
  A lich (Vaults:5)
  4 Orb Guardians (Zot:5)
  A titan (Vaults:5)
  A quicksilver dragon (Vaults:5)
  A deep elf blademaster (Elf:3)
  A pandemonium lord (D:1)
  A death cob (Zot:5)
  4 sphinxes
  5 shadow dragons
  5 tengu reavers
  6 storm dragons
  A draconian knight (Zot:4)
  2 frost giants
  A nargun (Zot:3)
  2 deep elf sorcerers (Elf:3)
  3 deep elf elementalists
  8 vault wardens
  A draconian annihilator (Zot:2)
  5 ironbound preservers
  5 stone giants
  A vampire knight (Depths:3)
  4 very ugly things
  A deep elf demonologist (Vaults:5)
  5 deep elf annihilators (Elf:3)
  3 red draconians
  2 minotaurs
  A green draconian (Zot:1)
  3 white draconians
  A black draconian (Zot:1)
  4 ettins
  A purple draconian (Zot:1)
  5 deep elf death magi
  A crystal guardian (Vaults:3)
  2 fire dragons
  6 ragged hierophants (Desolation)
  A yaktaur captain (Vaults:5)
  3 servants of whispers (Desolation)
  2 deep elf high priests
  2 vault guards
  A great orb of eyes (Vaults:3)
  2 ice dragons
  An ironbound frostheart (Vaults:4)
  3 salamander tyrants (Depths:3)
  A centaur warrior (Elf:2)
  3 tengu warriors
  An orc high priest (Orc:2)
  10 dancing weapons
  A deep troll earth mage (Vaults:4)
  A thrashing horror (Gauntlet)
  6 hell knights
  A glowing orange brain (Depths:4)
  An iron troll (Depths:3)
  9 deep trolls
  A death drake (Gauntlet)
  2 deep elf archers
  2 phantasmal warriors (Vaults:5)
  2 wizards (Vaults:4)
  4 ironbound convokers
  An iron dragon zombie (Depths:2)
  5 deep elf zephyrmancers
  4 deep elf pyromancers
  2 necromancers
  A spectral wolf spider (Gauntlet)
  3 orc sorcerers (Orc:2)
  3 ugly things (Vaults:4)
  A salamander (Depths:3)
  7 moths of wrath
  4 vault sentinels (Vaults:4)
  A molten gargoyle (Desolation)
  A spectral centaur (Gauntlet)
  2 guardian serpents (Desolation)
  3 yaktaurs (Vaults:5)
  3 tengu conjurers
  A merfolk (Depths:3)
  A harpy zombie (Zot:3)
  22 saltlings (Desolation)
  A hornet (Vaults:5)
  A slime creature (Vaults:4)
  An air elemental (Elf:2)
  A water moccasin (shapeshifter) (Vaults:4)
  2 orc warriors (Orc:2)
  A boggart (Zot:3)
  A small abomination (Gauntlet)
  An orc priest (Orc:2)
246 creatures vanquished.

Vanquished Creatures (others)
  An ironbound preserver (Vaults:5)
  A war gargoyle (Vaults:5)
  A polar bear (IceCv)
  A boggart (Zot:3)
  323 fire vortices
  18 foxfires
  176 fulminant prisms
  37 fungi
  A pillar of salt (Desolation)
  108 plants
  4 withered plants
671 creatures vanquished.

Grand Total: 2979 creatures vanquished

Notes
Turn   | Place    | Note
-------+----------+-------------------------------------------
     0 | D:1      | sleeves the Armataur Conjurer began the quest for the Orb.
     0 | D:1      | Reached XP level 1. HP: 14/14 MP: 3/3
   189 | D:1      | Found a faded altar of an unknown god.
   249 | D:1      | Reached skill level 4 in Conjurations
   268 | D:1      | Reached XP level 2. HP: 21/21 MP: 1/4
  1263 | D:2      | Reached XP level 3. HP: 25/27 MP: 0/5
  1442 | D:2      | HP: 11/27 [gnoll/+2 flail of protection (7)]
  1901 | D:2      | Reached skill level 5 in Conjurations
  2021 | D:2      | Found Ukoimac's Vocational Training.
  2258 | D:2      | Reached XP level 4. HP: 35/35 MP: 1/6
  2328 | D:2      | Reached skill level 2 in Spellcasting
  2508 | D:3      | Learned a level 2 spell: Searing Ray
  2945 | D:3      | Found Liurioje's Weapon Shoppe.
  3298 | D:3      | Identified the +8 short sword of Zicoabinn {venom, rPois
                  | SInv}
  3621 | D:4      | Reached XP level 5. HP: 40/40 MP: 2/8
  3711 | D:4      | Noticed koil's ghost (amateur SpEn)
  3722 | D:4      | Noticed Robin
  3753 | D:4      | Killed Robin
  3982 | D:4      | Noticed an ogre
  4083 | D:4      | Reached skill level 3 in Spellcasting
  4135 | D:4      | Noticed Dowan
  4173 | D:4      | Reached XP level 6. HP: 46/48 MP: 4/10
  4322 | D:4      | Reached skill level 6 in Conjurations
  4396 | D:4      | Found a transporter.
  4416 | D:4      | Found a transporter.
  4544 | D:4      | Found a shimmering blue altar of Sif Muna.
  4602 | D:4      | Became a worshipper of Sif Muna the Loreminder
  4974 | D:5      | Entered Level 5 of the Dungeon
  4990 | D:5      | Reached skill level 4 in Spellcasting
  5058 | D:5      | Reached XP level 7. HP: 53/53 MP: 10/13
  5197 | D:5      | Found an iron altar of Okawaru.
  5227 | D:5      | HP: 23/53 [ice beast (6)]
  5228 | D:5      | HP: 9/53 [ice beast (12)]
  5584 | D:5      | Noticed Blork the orc
  5594 | D:5      | Killed Blork the orc
  5595 | D:5      | Reached skill level 7 in Conjurations
  5789 | D:5      | Reached skill level 5 in Spellcasting
  6148 | D:5      | Found a shadowy altar of Dithmenos.
  6161 | D:5      | Reached XP level 8. HP: 60/60 MP: 4/15
  6362 | D:6      | Reached skill level 8 in Conjurations
  6546 | D:6      | Identified the +3 ring mail of Honesty {rElec rC++ rCorr
                  | MP-9}
  6666 | D:6      | Found a snail-covered altar of Cheibriados.
  6761 | D:6      | Reached * piety under Sif Muna
  6908 | D:6      | Found a broken altar of Ashenzari.
  7008 | D:6      | Reached skill level 9 in Conjurations
  7075 | D:6      | Found Kyxzei's Assorted Antiques.
  7372 | D:6      | Found a stormy altar of Qazlal.
  7672 | D:6      | Noticed Maggie
  7683 | D:6      | Killed Maggie
  7684 | D:6      | Reached skill level 10 in Conjurations
  7929 | D:6      | Found a blossoming altar of Fedhas.
  8021 | D:6      | Reached XP level 9. HP: 61/66 MP: 10/16
  8181 | D:7      | Found a staircase to the Ecumenical Temple.
  8184 | D:7      | Noticed Prince Ribbit
  8192 | D:7      | HP: 30/66 [Prince Ribbit (12)]
  8193 | D:7      | Killed Prince Ribbit
  8362 | D:7      | Reached skill level 11 in Conjurations
  8377 | D:7      | Found a sand-covered staircase.
  8410 | D:7      | Learned a level 4 spell: Iskenderun's Mystic Blast
  8415 | D:7      | Learned a level 4 spell: Fulminant Prism
  8418 | D:7      | Learned a level 2 spell: Sublimation of Blood
  8422 | D:7      | Learned a level 3 spell: Hailstorm
  8423 | Ossuary  | Entered an ossuary
  8491 | Ossuary  | Zeld: !subscride
  8495 | Ossuary  | Zeld: !subscribe
  8639 | Ossuary  | beem: User Zeld is already subscribed
  8751 | Ossuary  | Reached ** piety under Sif Muna
  9302 | D:8      | Reached skill level 12 in Conjurations
  9346 | D:8      | Found a flagged portal.
  9356 | Bailey   | Entered a bailey
  9526 | Bailey   | Found a large runed translucent door.
  9526 | Bailey   | Found a large runed translucent door.
  9527 | Bailey   | Noticed a deep elf pyromancer
  9527 | Bailey   | Noticed an orc knight
  9555 | Bailey   | Killed an orc knight
  9556 | Bailey   | Reached XP level 10. HP: 42/73 MP: 6/17
  9684 | Bailey   | Identified the +5 falchion of Exhibitionism {flame, Fragile
                  | rC+ Will+}
  9791 | Bailey   | Killed a deep elf pyromancer
  9792 | Bailey   | Reached skill level 13 in Conjurations
  9819 | Bailey   | Identified the +2 robe "Kiph" {Regen+ Dex+6}
 10034 | D:8      | Found a white marble altar of Elyvilon.
 10139 | D:8      | Found Qeil's Weapon Boutique.
 10409 | D:8      | Reached skill level 1 in Translocations
 10515 | D:8      | Reached skill level 2 in Translocations
 10548 | D:8      | Reached *** piety under Sif Muna
 10765 | D:9      | Reached skill level 3 in Translocations
 10795 | D:9      | Noticed a two-headed ogre
 10816 | D:9      | Killed a two-headed ogre
 10817 | D:9      | Reached skill level 6 in Spellcasting
 10940 | D:9      | Reached skill level 4 in Translocations
 11108 | D:9      | Found an ornate altar of the Wu Jian Council.
 11299 | D:9      | HP: 36/73 [steam dragon/ball of steam (17)]
 11304 | D:9      | Reached XP level 11. HP: 44/79 MP: 11/20
 11445 | D:10     | Entered Level 10 of the Dungeon
 11642 | D:10     | Noticed Erica
 11651 | D:10     | Killed Erica
 11652 | D:10     | Reached skill level 14 in Conjurations
 11664 | D:10     | Noticed Maurice
 11681 | D:10     | Killed Maurice
 11744 | D:10     | Noticed a deep elf pyromancer
 11750 | D:10     | Killed a deep elf pyromancer
 11751 | D:10     | Reached skill level 5 in Translocations
 11777 | D:10     | Noticed a two-headed ogre
 11790 | D:10     | Killed a two-headed ogre
 11859 | D:10     | Reached **** piety under Sif Muna
 11910 | D:10     | Found a staircase to the Lair.
 12009 | D:10     | Noticed Grum
 12017 | D:10     | Reached skill level 7 in Spellcasting
 12031 | D:10     | Killed Grum
 12108 | D:10     | Noticed a two-headed ogre
 12119 | D:10     | Killed a two-headed ogre
 12120 | D:10     | Reached skill level 6 in Translocations
 12199 | D:10     | Found a bloodstained altar of Trog.
 12343 | D:11     | Noticed a boulder beetle
 12458 | D:11     | Noticed a two-headed ogre
 12467 | D:11     | Killed a two-headed ogre
 12470 | D:11     | Noticed Psyche
 12845 | D:11     | Killed Psyche
 12938 | Lair:1   | Entered Level 1 of the Lair of Beasts
 12942 | Lair:1   | Reached skill level 7 in Translocations
 12991 | Lair:1   | Reached XP level 12. HP: 86/86 MP: 7/23
 12996 | Lair:1   | Reached skill level 8 in Spellcasting
 13203 | Lair:1   | Reached skill level 15 in Conjurations
 13211 | Lair:1   | Reached ***** piety under Sif Muna
 13215 | Lair:1   | Reached skill level 8 in Translocations
 13307 | Lair:1   | Found a hide-covered altar of Uskayaw.
 13317 | Lair:1   | Noticed Fannar
 13338 | Lair:1   | HP: 40/86 [Fannar/staff of cold (14)]
 13351 | Lair:1   | HP: 18/86 [Fannar/staff of cold (37)]
 13422 | Lair:1   | Killed Fannar
 13494 | Lair:1   | Received a gift from Sif Muna
 13495 | Lair:1   | Got Ydiqoro's Cyclopedia of Exhumation {god gift}
 13695 | Lair:1   | Noticed Harold
 13712 | Lair:1   | Killed Harold
 13713 | Lair:1   | Reached skill level 9 in Spellcasting
 13914 | Lair:1   | Noticed Gastronok
 13963 | Lair:1   | Killed Gastronok
 13964 | Lair:1   | Reached skill level 9 in Translocations
 14459 | Lair:2   | Learned a level 7 spell: Orb of Destruction
 14464 | Lair:2   | Learned a level 4 spell: Passage of Golubria
 14488 | Lair:2   | Noticed a seven-headed hydra
 14600 | Lair:2   | Killed a seven-headed hydra
 14777 | Lair:2   | Identified a scroll of acquirement
 14783 | Lair:2   | Acquired the ring of Unlygefu {Will++ MP+9 Str-3}
 14830 | Lair:2   | Reached skill level 10 in Translocations
 15035 | Lair:2   | Reached skill level 10 in Spellcasting
 15193 | Lair:2   | Found a staircase to the Snake Pit.
 15229 | Lair:2   | Found a staircase to the Swamp.
 15426 | Lair:3   | Reached XP level 13. HP: 85/92 MP: 17/27
 15692 | Lair:3   | Reached skill level 11 in Spellcasting
 15693 | Lair:3   | HP: 45/92 [death yak (21)]
 15695 | Lair:3   | HP: 22/92 [death yak (24)]
 15798 | Lair:3   | HP: 40/92 [blink frog (15)]
 15856 | Lair:3   | Found a frozen archway.
 15912 | IceCv    | Entered an ice cave
 16260 | IceCv    | Reached skill level 12 in Spellcasting
 16375 | IceCv    | HP: 44/92 [yak (12)]
 16633 | IceCv    | Received a gift from Sif Muna
 16803 | IceCv    | Got Sif Muna's Directory of the Compass {god gift}
 17253 | IceCv    | Noticed a frost giant
 17297 | IceCv    | Reached skill level 13 in Spellcasting
 17390 | IceCv    | Killed a frost giant
 18749 | Lair:4   | Reached XP level 14. HP: 99/99 MP: 27/31
 18931 | Lair:4   | Noticed Sonja
 18932 | Lair:4   | Sonja changed into Sonja the black bear
 18932 | Lair:4   | Noticed Sonja
 18935 | Lair:4   | Killed Sonja the black bear
 18980 | Lair:4   | Reached skill level 14 in Spellcasting
 19788 | Lair:5   | Entered Level 5 of the Lair of Beasts
 20121 | Lair:5   | Identified the +0 leather armour of Gyebb {Harm rElec Will-
                  | Regen+}
 20357 | Lair:5   | Received a gift from Sif Muna
 20404 | Lair:5   | Reached skill level 1 in Shields
 20406 | Lair:5   | Reached skill level 1 in Invocations
 20448 | Lair:5   | Reached skill level 1 in Fighting
 20651 | Lair:5   | Reached skill level 2 in Shields
 20735 | Lair:5   | Reached skill level 2 in Invocations
 20743 | Lair:5   | Reached skill level 2 in Fighting
 20903 | Lair:5   | Found a staircase to the Slime Pits.
 21091 | Lair:5   | Reached skill level 3 in Shields
 21263 | Lair:5   | Reached skill level 15 in Spellcasting
 21263 | Lair:5   | Reached skill level 3 in Invocations
 21447 | Lair:5   | Reached skill level 3 in Fighting
 21529 | Lair:5   | Reached skill level 4 in Shields
 22030 | D:11     | Found a hazy altar of Hepliaklqana.
 22403 | D:12     | Reached skill level 4 in Invocations
 22412 | D:12     | Noticed Jorgrun
 22424 | D:12     | HP: 53/109 [constriction (14)]
 22425 | D:12     | Killed Jorgrun
 22856 | D:12     | Reached skill level 4 in Fighting
 22928 | D:12     | Found a staircase to the Orcish Mines.
 22951 | D:12     | Reached XP level 15. HP: 117/117 MP: 32/34
 23002 | D:12     | Received a gift from Sif Muna
 23090 | D:12     | Reached skill level 5 in Shields
 23760 | D:13     | Noticed Urug
 23768 | D:13     | HP: 57/118 [Urug/silver javelin (23)]
 23768 | D:13     | Killed Urug
 23769 | D:13     | Reached skill level 5 in Invocations
 23955 | D:13     | Acquired the +1 buckler "Qotir" {Contam rElec rF+ Regen+}
 24122 | D:14     | Identified Roxanne's Directory of the Ground
 24122 | D:14     | Noticed Roxanne
 24396 | D:14     | Reached skill level 5 in Fighting
 24396 | D:14     | Reached skill level 6 in Shields
 24981 | D:14     | Found a gate to the Vaults.
 25033 | D:14     | HP: 52/120 [centaur warrior/arrow (18)]
 25148 | D:14     | Reached skill level 6 in Invocations
 25401 | D:14     | Reached skill level 7 in Shields
 25718 | D:15     | Entered Level 15 of the Dungeon
 25858 | D:15     | Reached skill level 6 in Fighting
 25973 | D:15     | Reached skill level 7 in Invocations
 26037 | D:15     | Found a white marble altar of Elyvilon.
 26039 | D:15     | Found an opulent altar of Gozag.
 26039 | D:15     | Found a bloodstained altar of Trog.
 26041 | D:15     | Found a shimmering blue altar of Sif Muna.
 26041 | D:15     | Found a shimmering altar of Xom.
 26041 | D:15     | Found a hide-covered altar of Uskayaw.
 26355 | D:15     | HP: 58/124 [centaur/arrow[a centaur warrior] (11)]
 26540 | D:15     | Received a gift from Sif Muna
 26555 | D:15     | Reached skill level 8 in Shields
 26709 | D:15     | Learned a level 6 spell: Dispersal
 26722 | D:15     | Found a staircase to the Depths.
 27038 | D:15     | Reached skill level 7 in Fighting
 27818 | Snake:1  | Entered Level 1 of the Snake Pit
 27838 | Snake:1  | HP: 60/126 [anaconda (10)]
 27844 | Snake:1  | HP: 61/126 [naga sharpshooter/arrow (7)]
 27849 | Snake:1  | HP: 53/126 [naga sharpshooter/splash of poison (3)]
 27852 | Snake:1  | HP: 25/126 [naga sharpshooter/arrow (10)]
 27879 | Snake:1  | Reached skill level 8 in Invocations
 27978 | Snake:1  | Reached XP level 16. HP: 134/134 MP: 27/35
 28020 | Snake:1  | Reached skill level 9 in Shields
 28306 | Snake:1  | Received a gift from Sif Muna
 28327 | Snake:1  | Noticed Aizul
 28340 | Snake:1  | Killed Aizul
 28348 | Snake:1  | Noticed Agnes
 28352 | Snake:1  | Killed Agnes
 28533 | Snake:1  | Reached skill level 8 in Fighting
 28947 | Snake:2  | Reached skill level 9 in Invocations
 29085 | Snake:2  | Reached skill level 10 in Shields
 29165 | Snake:2  | Identified the +3 halberd of Duty {protect, rF+}
 29377 | Snake:2  | Noticed Vashnia
 29410 | Snake:2  | Killed Vashnia
 29636 | Snake:2  | Reached skill level 9 in Fighting
 29918 | Snake:2  | HP: 63/141 [salamander/+0 glaive (10)]
 30088 | Snake:2  | Reached skill level 10 in Invocations
 31086 | Snake:3  | Found a transporter.
 31091 | Snake:3  | Noticed Miqe's ghost (adept DsGl)
 31235 | Snake:3  | Received a gift from Sif Muna
 31236 | Snake:3  | Got Sif Muna's Handbook of Overcast Arcane Weapons {god
                  | gift}
 31452 | Snake:3  | Found a transporter.
 31466 | Snake:3  | Noticed Donald
 31476 | Snake:3  | Killed Donald
 31477 | Snake:3  | Reached skill level 10 in Fighting
 31487 | Snake:3  | Reached skill level 11 in Invocations
 31717 | Snake:4  | Entered Level 4 of the Snake Pit
 32250 | Snake:4  | Identified the ring "Kiot" {Wiz Str+6}
 32295 | Snake:4  | Reached skill level 12 in Invocations
 32332 | Snake:4  | Identified the amulet "Jezixt" {RegenMP rN+ Int+8 Dex-4}
 32337 | Snake:4  | Reached XP level 17. HP: 149/149 MP: 36/36
 32528 | Snake:4  | Found the +2 hat of the Bear Spirit {Spirit, *Rage Will++}
 33027 | Snake:4  | Reached skill level 16 in Conjurations
 33117 | Snake:4  | Received a gift from Sif Muna
 33118 | Snake:4  | Got Sif Muna's Lessons on Hurting {god gift}
 33160 | Snake:4  | Learned a level 6 spell: Iron Shot
 33423 | Snake:4  | Reached ****** piety under Sif Muna
 33557 | Snake:4  | Got a serpentine rune of Zot
 33699 | Snake:4  | Reached skill level 17 in Conjurations
 34142 | Swamp:1  | Entered Level 1 of the Swamp
 34256 | Swamp:1  | Found a shadowy altar of Dithmenos.
 34269 | Swamp:1  | HP: 63/149 [bog body/bolt of cold (25)]
 34274 | Swamp:1  | HP: 68/149 [poisoned by a fenstrider witch (toxic sludge)]
 34428 | Swamp:1  | Received a gift from Sif Muna
 34430 | Swamp:1  | Got Sif Muna's Compilation of the Map {god gift}
 34519 | Swamp:1  | Noticed Nikola
 34526 | Swamp:1  | Killed Nikola
 34659 | Swamp:1  | Reached skill level 18 in Conjurations
 35120 | Swamp:2  | Reached XP level 18. HP: 116/157 MP: 1/37
 35455 | Swamp:2  | Found the +0 pair of fencer's gloves {Riposte Dex+3}
 36274 | Swamp:3  | Reached skill level 19 in Conjurations
 36534 | Swamp:3  | Received a gift from Sif Muna
 36539 | Swamp:3  | Got Bem Waiv's Lessons on Fiery Accomplices {god gift}
 36908 | Swamp:4  | Entered Level 4 of the Swamp
 37797 | Swamp:4  | Noticed the 27-headed Lernaean hydra
 37902 | Swamp:4  | Killed the 27-headed Lernaean hydra
 38048 | Swamp:4  | Reached skill level 20 in Conjurations
 38118 | Swamp:4  | Got a decaying rune of Zot
 38648 | Vaults:1 | Entered Level 1 of the Vaults
 38828 | Vaults:1 | Learned a level 5 spell: Fireball
 38834 | Vaults:1 | Learned a level 5 spell: Lee's Rapid Deconstruction
 39583 | Vaults:1 | HP: 58/157 [yaktaur/bolt (28)]
 39619 | Vaults:1 | Received a gift from Sif Muna
 39645 | Vaults:1 | Got Sif Muna's Monograph on Unholy Putrescence {god gift}
 39860 | Vaults:1 | Reached skill level 21 in Conjurations
 39907 | Vaults:1 | Reached skill level 1 in Earth Magic
 39915 | Vaults:1 | Reached XP level 19. HP: 164/164 MP: 12/38
 39931 | Vaults:1 | Reached skill level 2 in Earth Magic
 40083 | Vaults:1 | Reached skill level 3 in Earth Magic
 40245 | Vaults:1 | Reached skill level 4 in Earth Magic
 40496 | Vaults:1 | Reached skill level 5 in Earth Magic
 40814 | Vaults:1 | Reached skill level 6 in Earth Magic
 41224 | Vaults:2 | Reached skill level 7 in Earth Magic
 41224 | Vaults:2 | Received a gift from Sif Muna
 41263 | Vaults:2 | Got Sif Muna's Octavo of Blasting {god gift}
 41319 | Vaults:2 | HP: 61/164 [yaktaur/bolt[a vault warden] (22)]
 41321 | Vaults:2 | HP: 29/164 [ironbound frostheart/creeping frost (36)]
 41325 | Vaults:2 | Reached skill level 1 in Fire Magic
 41329 | Vaults:2 | Reached skill level 8 in Earth Magic
 41342 | Vaults:2 | HP: 71/164 [ironbound frostheart/creeping frost (18)]
 41344 | Vaults:2 | Reached skill level 2 in Fire Magic
 41355 | Vaults:2 | HP: 82/164 [brown ugly thing[a wizard] (8)]
 41432 | Vaults:2 | Found a flickering gateway to a bazaar.
 41445 | Bazaar   | Entered a bazaar
 41445 | Bazaar   | Found Conir's Distillery.
 41457 | Bazaar   | Found Ynoumio's Antique Armour Shop.
 41483 | Bazaar   | Found Voifuh's Antique Weapon Shop.
 41504 | Bazaar   | Bought a potion of heal wounds for 40 gold pieces
 41504 | Bazaar   | Bought a potion of mutation for 64 gold pieces
 41504 | Bazaar   | Bought a potion of brilliance for 32 gold pieces
 41722 | Vaults:2 | Reached skill level 3 in Fire Magic
 41909 | Vaults:2 | HP: 73/164 [orc warlord/bolt (26)]
 41914 | Vaults:2 | HP: 45/164 [orc warlord/bolt (20)]
 42229 | Vaults:2 | Reached skill level 4 in Fire Magic
 42231 | Vaults:2 | Reached skill level 9 in Earth Magic
 42293 | Vaults:2 | HP: 77/164 [yaktaur/bolt[a vault warden] (18)]
 42304 | Vaults:2 | HP: 71/164 [yaktaur/bolt[a vault warden] (20)]
 42424 | Vaults:2 | Reached skill level 5 in Fire Magic
 42729 | Vaults:2 | Found a staircase to the Crypt.
 42976 | Vaults:3 | Received a gift from Sif Muna
 43274 | Vaults:3 | Reached skill level 6 in Fire Magic
 43274 | Vaults:3 | Reached skill level 10 in Earth Magic
 43437 | Vaults:3 | Reached XP level 20. HP: 172/172 MP: 22/39
 43542 | Vaults:3 | Reached skill level 7 in Fire Magic
 43665 | Vaults:3 | Reached skill level 8 in Fire Magic
 44312 | Vaults:3 | Learned a level 8 spell: Lehudib's Crystal Spear
 44321 | Vaults:3 | Learned a level 7 spell: Spellforged Servitor
 44353 | Vaults:3 | Found Pybluh's General Store.
 44764 | Vaults:3 | Reached skill level 1 in Summonings
 44764 | Vaults:3 | Reached skill level 9 in Fire Magic
 44781 | Vaults:3 | HP: 83/172 [crystal guardian/crystal bolt[a peacekeeper]
                  | (50)]
 44982 | Vaults:4 | Received a gift from Sif Muna
 45030 | Vaults:4 | Got Sif Muna's Codex of the Captivating Traveller {god
                  | gift}
 45127 | Vaults:4 | Reached skill level 2 in Summonings
 45414 | Vaults:4 | Reached skill level 3 in Summonings
 45587 | Vaults:4 | Reached skill level 10 in Fire Magic
 45592 | Vaults:4 | Reached skill level 4 in Summonings
 45731 | Vaults:4 | Found a huge runed gate.
 45731 | Vaults:4 | Found a huge runed gate.
 45731 | Vaults:4 | Found a huge runed gate.
 45732 | Vaults:4 | Found a huge runed gate.
 45732 | Vaults:4 | Found a huge runed gate.
 45732 | Vaults:4 | Found a huge runed gate.
 45732 | Vaults:4 | Found a huge runed gate.
 45732 | Vaults:4 | Found a huge runed gate.
 45765 | Vaults:4 | Found a huge runed gate.
 45765 | Vaults:4 | Found a huge runed gate.
 45765 | Vaults:4 | Found a huge runed gate.
 45766 | Vaults:4 | Found a huge runed gate.
 45767 | Vaults:4 | Found a huge runed gate.
 45795 | Vaults:4 | Found a huge runed gate.
 45796 | Vaults:4 | Found a huge runed gate.
 45797 | Vaults:4 | Found a huge runed gate.
 45798 | Vaults:4 | Found a huge runed gate.
 45806 | Vaults:4 | Found a huge runed gate.
 45806 | Vaults:4 | Found a huge runed gate.
 45806 | Vaults:4 | Found a huge runed gate.
 45806 | Vaults:4 | Found a huge runed gate.
 45806 | Vaults:4 | Found a huge runed gate.
 45806 | Vaults:4 | Found a huge runed gate.
 45807 | Vaults:4 | Found a huge runed gate.
 45808 | Vaults:4 | Found a huge runed gate.
 45810 | Vaults:4 | Found a huge runed gate.
 45850 | Vaults:4 | Found a huge runed gate.
 45850 | Vaults:4 | Found a huge runed gate.
 45850 | Vaults:4 | Found a huge runed gate.
 45850 | Vaults:4 | Found a huge runed gate.
 45850 | Vaults:4 | Found a huge runed gate.
 45850 | Vaults:4 | Found a huge runed gate.
 45851 | Vaults:4 | Found a huge runed gate.
 45852 | Vaults:4 | Found a huge runed gate.
 45874 | Vaults:4 | Found a huge runed gate.
 45882 | Vaults:4 | Found a huge runed gate.
 46156 | Vaults:4 | Reached skill level 5 in Summonings
 46176 | Vaults:4 | Noticed Boris
 46658 | Vaults:4 | Killed Boris
 46697 | Vaults:4 | Identified the +0 robe "Xotox" {Rampage Drain rF+ Str+6}
 46740 | Vaults:4 | Reached skill level 11 in Fire Magic
 46749 | Vaults:4 | HP: 79/172 [ironbound frostheart/creeping frost[a vault
                  | warden] (22)]
 46864 | Vaults:4 | Reached skill level 6 in Summonings
 46940 | Vaults:4 | Identified the ring of the Several Xenops {Ice Will+}
 47075 | Vaults:4 | Identified the +8 chain mail of the Hot Ocelot {+Blink
                  | Str+3}
 47078 | Vaults:4 | Reached XP level 21. HP: 155/179 MP: 25/40
 47200 | Vaults:4 | Noticed a golden dragon
 47207 | Vaults:4 | Killed a golden dragon
 47214 | Vaults:4 | Received a gift from Sif Muna
 47353 | Vaults:4 | Gained mutation: You occasionally lose the ability to drink
                  | potions when taking damage. [mutagenic glow]
 47368 | Vaults:4 | Reached skill level 7 in Summonings
 47564 | Vaults:4 | Found the +6 Majin-Bo {vamp, MP+6 Int+6}
 47602 | Vaults:4 | Identified the +4 plate armour "Monukulu" {Dex+2}
 47883 | Orc:1    | Entered Level 1 of the Orcish Mines
 48243 | Orc:2    | Entered Level 2 of the Orcish Mines
 48274 | Orc:2    | Found a gate leading to a gauntlet.
 48304 | Gauntlet | Entered a Gauntlet
 48304 | Gauntlet | Found a transporter.
 48316 | Gauntlet | Found a transporter.
 48319 | Gauntlet | Found a transporter.
 48320 | Gauntlet | Found a transporter.
 48328 | Gauntlet | Found a transporter.
 48331 | Gauntlet | Found a transporter.
 48332 | Gauntlet | Found a transporter.
 48341 | Gauntlet | Found a transporter.
 48344 | Gauntlet | Found a transporter.
 48345 | Gauntlet | Found a transporter.
 48353 | Gauntlet | Found a transporter.
 48356 | Gauntlet | Found a transporter.
 48357 | Gauntlet | Found a transporter.
 48361 | Gauntlet | Found a runed translucent door.
 48362 | Gauntlet | Found a runed translucent door.
 48365 | Gauntlet | Found a transporter.
 48559 | Gauntlet | Reached skill level 12 in Fire Magic
 48661 | Gauntlet | Identified the ring "Muifras" {Str+4 Dex-2 SInv}
 48823 | Gauntlet | Identified the +1 pair of gloves of Virtue {Regen+}
 48833 | Gauntlet | Identified the +0 ring mail "Ipevam" {Harm rPois rC-
                  | Stlth+}
 48838 | Gauntlet | Got Liapp's Quarto of Permutations
 48883 | Orc:2    | Found Megaut's Magic Scroll Boutique.
 48936 | Orc:2    | Found Fyal Durph's Distillery.
 48975 | Orc:2    | Found Tofyss's Distillery.
 49088 | Orc:2    | Found Feunkar's Assorted Antiques.
 49113 | Orc:2    | Received a gift from Sif Muna
 49123 | Orc:2    | Found Jasch's Antique Armour Shop.
 49153 | Orc:2    | Bought a shiny helmet for 255 gold pieces
 49153 | Orc:2    | Bought a shadowed robe for 193 gold pieces
 49153 | Orc:2    | Identified the +2 robe "Giczom" {rElec rF- Will++ SInv}
                  | (You bought it in a shop on level 2 of the Orcish Mines)
 49282 | Orc:2    | Found a staircase to the Elven Halls.
 49623 | Orc:2    | Found Awekaw's General Store.
 49710 | Orc:2    | Learned a level 8 spell: Ignition
 49786 | Orc:2    | Found Hasuat's General Store.
 50072 | Orc:2    | Reached skill level 13 in Fire Magic
 50216 | Orc:2    | Found Zithotewn's Book Shop.
 50216 | Orc:2    | Found Nurr's Antique Weapon Boutique.
 50217 | Orc:2    | Found a one-way gate leading to the halls of Pandemonium.
 50221 | Orc:2    | Bought a fading long sword for 229 gold pieces
 50221 | Orc:2    | Identified the +8 long sword "Guschur" {flame, *Noise rC+
                  | rN+} (You bought it in a shop on level 2 of the Orcish
                  | Mines)
 50278 | Orc:2    | Received a gift from Sif Muna
 50519 | Elf:1    | Entered Level 1 of the Elven Halls
 51243 | Elf:1    | Found Iskubem's Jewellery Shoppe.
 51436 | Elf:1    | Reached skill level 14 in Fire Magic
 51991 | Elf:2    | Paralysed by an air elemental for 1 turns
 52004 | Elf:2    | Found a runed translucent gate.
 52004 | Elf:2    | Found a runed translucent gate.
 52004 | Elf:2    | Found a runed translucent gate.
 52008 | Elf:2    | Noticed Asceticacid's ghost (adept GnGl)
 52010 | Elf:2    | Found an iron altar of Okawaru.
 52042 | Elf:2    | Found a crumbling gateway.
 52054 | Desolati | Entered the Desolation of Salt
 52138 | Desolati | Identified the amulet "Joejurano" {Faith +Inv rPois rCorr
                  | Str+3}
 52200 | Desolati | Reached skill level 15 in Fire Magic
 52383 | Desolati | Received a gift from Sif Muna
 52384 | Desolati | Got Sif Muna's Treatise on Planar Sinister Rituals {god
                  | gift}
 52472 | Desolati | Found the +8 lance "Wyrmbane" {slay drac, rPois rF+ rC+
                  | AC+3}
 52514 | Desolati | Got the Meditations on Captivating Fire
 52515 | Desolati | Identified the +9 short sword "Wenkas" {vorpal, Int+2}
 52662 | Desolati | Got Sif Muna's Meditations on Dark Liturgies and
                  | Dislocation
 52666 | Desolati | Identified the +10 spear "Tormentor" {freeze, Fly rElec
                  | rPois Int-2}
 53083 | Elf:2    | Found a huge runed translucent gate.
 53083 | Elf:2    | Found a huge runed translucent gate.
 53088 | Elf:2    | Found a huge runed translucent gate.
 53089 | Elf:2    | Found a huge runed translucent gate.
 53090 | Elf:2    | Found a huge runed translucent gate.
 53476 | Elf:2    | Reached skill level 16 in Fire Magic
 53560 | Elf:2    | Killed Asceticacid's ghost
 53621 | Elf:2    | Identified the +0 pair of gloves of Puyge {rC++ rN+++ MP-9
                  | Int-4}
 53720 | Elf:2    | Reached XP level 22. HP: 186/186 MP: 41/41
 54235 | Elf:3    | Entered Level 3 of the Elven Halls
 54385 | Elf:3    | Found a radiant altar of Vehumet.
 54650 | Elf:3    | Reached skill level 17 in Fire Magic
 54650 | Elf:3    | Received a gift from Sif Muna
 54653 | Elf:3    | Got Sif Muna's Folio of the Crypt and Shaping {god gift}
 55392 | Elf:3    | Identified the +3 leather armour of Optimism {-Cast rPois
                  | Will+++ Slay+2}
 55392 | Elf:3    | Identified the ring of the Fresh Dragonfruit {rF+ rC+ Str+4
                  | Stlth+}
 55457 | Elf:3    | Identified the ring "Jetin" {rF+ rC- rN++ Dex+6 Slay+2}
 55461 | Elf:3    | Reached skill level 18 in Fire Magic
 55569 | Elf:3    | Identified the +8 morningstar "Zidianga" {vorpal, *Corrode
                  | rPois Dex-3 SInv}
 55569 | Elf:3    | Identified the ring "Jaolep" {rPois rN+ rCorr Int-4 SInv}
 55577 | Elf:3    | an iron dragon changed into a caustic shrike
 55577 | Elf:3    | Noticed a caustic shrike (glowing shapeshifter)
 55578 | Elf:3    | a caustic shrike changed into an iron giant
 55693 | Elf:3    | Identified the +0 buckler "Zysa" {-Cast Str+6}
 55693 | Elf:3    | Identified the +3 dagger of the Shifting Queen {freeze,
                  | rElec rF- rN+++ Int-3}
 55720 | Elf:3    | Identified the +6 mace "Iwnia" {flame, rC+}
 55729 | Elf:3    | Identified the +7 falchion of Offence {pain, Int+5}
 56199 | Vaults:5 | Entered Level 5 of the Vaults
 56201 | Vaults:5 | Received a gift from Sif Muna
 56263 | Vaults:5 | Noticed an ancient lich
 56264 | Vaults:5 | HP: 91/182 [sphinx/divine providence (14)]
 56270 | Vaults:4 | HP: 81/176 [sphinx (8)]
 56655 | Vaults:5 | Noticed a dread lich
 56678 | Vaults:5 | Reached skill level 19 in Fire Magic
 56877 | Vaults:5 | Noticed an ancient lich
 56890 | Vaults:5 | Killed an ancient lich
 57114 | Vaults:5 | Reached XP level 23. HP: 193/193 MP: 7/42
 57130 | Vaults:5 | Reached skill level 20 in Fire Magic
 57229 | Vaults:5 | Identified the ring of Tionast {rPois Int+6 Dex+7 SInv}
 57449 | Vaults:5 | Killed an ancient lich
 57571 | Vaults:5 | HP: 94/193 [ironbound preserver/+0 dire flail (19)]
 57577 | Vaults:5 | HP: 76/193 [tengu reaver/bolt of cold (20)]
 57580 | Vaults:5 | HP: 37/193 [tengu reaver/bolt of fire (6)]
 57581 | Vaults:5 | Received a gift from Sif Muna
 57586 | Vaults:5 | HP: 17/193 [tengu reaver/bolt of lightning (11)]
 57632 | Vaults:5 | Got Sif Muna's Compilation of Intoxicating Fog {god gift}
 57673 | Vaults:5 | Reached skill level 21 in Fire Magic
 57677 | Vaults:5 | Noticed a dread lich
 57677 | Vaults:5 | HP: 95/193 [tengu reaver/bolt of lightning (7)]
 57704 | Vaults:5 | HP: 86/193 [yaktaur captain/bolt (29)]
 57708 | Vaults:5 | Got a silver rune of Zot
 57834 | Vaults:5 | HP: 90/189 [yaktaur captain/bolt (41)]
 57972 | Vaults:5 | Killed a dread lich
 58126 | Vaults:5 | Got Sif Muna's Tome of Execration and Damage Dealing {god
                  | gift}
 58523 | Vaults:5 | Got the Disquisition on Dislocation and the Retinue
 58559 | Vaults:5 | Found the +3 pair of gauntlets of War {Slay+5}
 58921 | Vaults:5 | Killed a dread lich
 59447 | Vaults:5 | Learned a level 9 spell: Fire Storm
 59733 | Depths:1 | Entered Level 1 of the Depths
 60034 | Depths:1 | Identified the +8 whip "Duinoff" {freeze, rN+ Will+ Str+5}
 60144 | Depths:1 | Found Safod's Distillery.
 60205 | Depths:1 | Received a gift from Sif Muna
 60281 | Depths:1 | Got Sif Muna's Almanac of Singed Fascination {god gift}
 60456 | Depths:1 | Noticed Bai Suzhen
 60466 | Depths:1 | Killed Bai Suzhen
 60812 | Depths:1 | Noticed Sojobo
 60819 | Depths:1 | HP: 84/186 [Sojobo/bolt of lightning (18)]
 60824 | Depths:1 | Killed Sojobo
 60825 | Depths:1 | Reached skill level 22 in Fire Magic
 60953 | Depths:1 | Found a gateway to Hell.
 61229 | Depths:2 | Reached skill level 22 in Conjurations
 61229 | Depths:2 | Reached XP level 24. HP: 197/199 MP: 22/42
 61479 | Depths:2 | Noticed Mara
 61488 | Depths:2 | Killed Mara
 61819 | Depths:2 | Found a sacrificial altar of Ru.
 62295 | Depths:3 | Received a gift from Sif Muna
 62414 | Depths:3 | Identified the +4 glaive of Purpose {pain, rC- Str+5 Dex+5}
 62426 | Depths:3 | Found a one-way gateway to a ziggurat.
 63352 | Depths:3 | Found an ancient bone altar of Kikubaaqudgha.
 63574 | Depths:3 | Found a corrupted altar of Lugonu.
 63576 | Depths:3 | Found a one-way gate to the infinite horrors of the Abyss.
 63819 | Depths:4 | Entered Level 4 of the Depths
 63819 | Depths:4 | Noticed a juggernaut
 63823 | Depths:4 | Killed a juggernaut
 63975 | Depths:4 | Noticed Boris
 63978 | Depths:4 | Killed Boris
 64109 | Depths:4 | Reached skill level 23 in Conjurations
 64109 | Depths:4 | Reached skill level 23 in Fire Magic
 64176 | Depths:4 | Found Idolen's Weapon Boutique.
 64193 | Depths:4 | Reached skill level 1 in Necromancy
 64343 | Depths:4 | Received a gift from Sif Muna
 64370 | Depths:4 | Found Zinase's Jewellery Shoppe.
 64555 | Depths:4 | Found Mityol's Magic Scroll Shop.
 64572 | Depths:4 | Reached skill level 2 in Necromancy
 64640 | Depths:4 | Found Fotajotz's Book Shop.
 65116 | Depths:4 | Reached skill level 11 in Fighting
 65280 | Depths:4 | Found a gate to the Realm of Zot.
 65302 | Depths:4 | Reached skill level 3 in Necromancy
 65428 | Depths:4 | Bought a scroll of teleportation for 33 gold pieces
 65428 | Depths:4 | Bought a scroll of teleportation for 33 gold pieces
 65594 | Orc:2    | Bought a potion of heal wounds for 65 gold pieces
 65594 | Orc:2    | Bought a potion of heal wounds for 65 gold pieces
 65637 | Orc:2    | Bought a potion of heal wounds for 70 gold pieces
 65657 | Orc:2    | Bought 2 potions of heal wounds for 160 gold pieces
 65657 | Orc:2    | Bought a potion of haste for 160 gold pieces
 65657 | Orc:2    | Bought a potion of heal wounds for 80 gold pieces
 65657 | Orc:2    | Bought a potion of brilliance for 64 gold pieces
 65657 | Orc:2    | Bought a potion of brilliance for 64 gold pieces
 65675 | Orc:2    | Bought a potion of resistance for 120 gold pieces
 65847 | Depths:1 | Bought a potion of resistance for 200 gold pieces
 65847 | Depths:1 | Bought a potion of haste for 200 gold pieces
 65847 | Depths:1 | Bought a potion of brilliance for 80 gold pieces
 66005 | Zot:1    | Entered Level 1 of the Realm of Zot
 66333 | Zot:1    | Reached skill level 12 in Fighting
 66534 | Zot:1    | Found the +4 dragonskin cloak
 66534 | Zot:1    | Noticed Tiamat
 66537 | Zot:1    | Reached skill level 16 in Spellcasting
 66537 | Zot:1    | Reached XP level 25. HP: 216/216 MP: 34/43
 66562 | Zot:1    | Killed Tiamat
 66562 | Zot:1    | Received a gift from Sif Muna
 66567 | Zot:1    | Got Sif Muna's Anthology of Leadership and Moulding {god
                  | gift}
 66851 | Zot:1    | Reached skill level 13 in Fighting
 66890 | Zot:1    | You are sucked into a shaft and drop 1 floor!
 67780 | Zot:2    | Reached skill level 14 in Fighting
 68125 | Zot:2    | Learned a level 8 spell: Necromutation
 68468 | Zot:2    | Noticed a Killer Klown
 68483 | Zot:2    | Killed a Killer Klown
 69031 | Zot:3    | Identified the ring "Fedghat" {Ice Stlth+}
 69031 | Zot:3    | Noticed Josephina
 69035 | Zot:3    | Killed Josephina
 69036 | Zot:3    | Reached skill level 4 in Necromancy
 69243 | Zot:3    | Reached skill level 15 in Fighting
 69425 | Zot:3    | Received a gift from Sif Muna
 69432 | Zot:3    | Reached skill level 17 in Spellcasting
 69635 | Zot:3    | Reached skill level 5 in Necromancy
 70345 | Zot:3    | Found an ornate altar of the Wu Jian Council.
 70348 | Zot:3    | Found a shimmering altar of Xom.
 70849 | Zot:4    | Reached skill level 6 in Necromancy
 71355 | Zot:4    | Identified the +2 cloak of the Kissing Gods {Regen+ Dex+2}
 71380 | Zot:4    | Received a gift from Sif Muna
 71577 | Zot:4    | Found a radiant altar of Vehumet.
 71829 | Zot:4    | Noticed a Killer Klown
 71832 | Zot:4    | Killed a Killer Klown
 71833 | Zot:4    | Reached skill level 16 in Fighting
 71833 | Zot:4    | Reached XP level 26. HP: 239/239 MP: 28/44
 71895 | Zot:5    | Entered Level 5 of the Realm of Zot
 72699 | Zot:5    | Noticed a dread lich
 72703 | Zot:5    | Killed a dread lich
 72704 | Zot:5    | Reached skill level 18 in Spellcasting
 72704 | Zot:5    | Noticed an orb of fire
 72755 | Zot:5    | Killed an orb of fire
 73019 | Zot:5    | Noticed an ancient lich
 73025 | Zot:5    | Killed an ancient lich
 73133 | Zot:5    | Noticed an ancient lich
 73137 | Zot:5    | Killed an ancient lich
 73138 | Zot:5    | Reached skill level 17 in Fighting
 73221 | Zot:5    | Noticed an ancient lich
 73228 | Zot:5    | Killed an ancient lich
 73313 | Zot:5    | Noticed an orb of fire
 73314 | Zot:5    | Gained mutation: You are clumsy. (Dex -2) [an orb of fire]
 73327 | Zot:5    | Killed an orb of fire
 73535 | Zot:5    | Noticed a dread lich
 73537 | Zot:5    | Killed a dread lich
 73575 | Zot:5    | Noticed an ancient lich
 73581 | Zot:5    | Killed an ancient lich
 73618 | Zot:5    | Noticed a dread lich
 73626 | Zot:5    | Killed a dread lich
 73627 | Zot:5    | Reached skill level 19 in Spellcasting
 73637 | Zot:5    | Noticed a dread lich
 73642 | Zot:5    | Killed a dread lich
 73652 | Zot:5    | Reached skill level 18 in Fighting
 73820 | Zot:5    | Got the Orb of Zot
 73876 | Zot:5    | Noticed an orb of fire
 73879 | Zot:5    | Gained mutation: Your mind is acute. (Int +4, Str/Dex -1)
                  | [an orb of fire]
 73881 | Zot:5    | Killed an orb of fire
 73927 | Zot:3    | Noticed Boris
 73949 | Zot:2    | Received a gift from Sif Muna
 74242 | D:11     | Noticed Pyruph the pandemonium lord
 74486 | D:1      | Noticed Osixud the pandemonium lord
 74488 | D:1      | Killed Osixud the pandemonium lord
 74546 | D:$      | Escaped with the Orb!

Illustrated notes

Levels and vault maps discovered:
D:1:      lightli_arrival_flooded_house, layout_basic,
          ebering_ecumenical_altar_petrified, minmay_misc_feat_cross
D:2:      layout_basic, nicolae_shop_vocational
D:3:      layout_basic, serial_shops, nicolae_shop_crystal
D:4:      layout_basic, kennysheep_mini, gammafunk_ghost_stat_death,
          serial_glass, glass_columns_c, glass_columns_a,
          kennysheep_generic_room_8, uniq_robin, uniq_duvessa
D:5:      layout_loops_ring, nicolae_dithmenos_through_a_glass_darkly,
          okawaru_ov_weapons_minmay, uniq_blork_the_orc
D:6:      layout_loops_ring, kennysheep_mini_moat, mainiacjoe_overflow_paths,
          slow_altar_2, lemuel_tele_altar, serial_shops,
          nicolae_shop_overgrown_old_shop, due_unseen_surprise, uniq_maggie
D:7:      layout_rooms, minmay_temple_entry_butterflies, enter_ossuary_3,
          minivault_24, nicolae_elevator_lobby_plus, uniq_prince_ribbit1
D:8:      layout_gridville, elyvilon_altar_3, enter_bailey_2, serial_shops,
          nicolae_shop_bloodbath_and_beyond
D:9:      layout_roguey, mainiacjoe_overflow_alcove_2
D:10:     layout_roguey, trog_three_pillars_becter, kennysheep_generic_room_7,
          uniq_grum, uniq_erica, uniq_maurice
D:11:     layout_basic, nicolae_hepliaklqana_hazy_memory, uniq_psyche
D:12:     layout_small_grid, orc_0_dummy, uniq_jorgrun
D:13:     layout_cave_pools, uniq_urug
D:14:     layout_basic, david_vaults_5, chequers_mini_garden,
          nicolae_straight_to_the_point, uniq_roxanne
D:15:     hangedman_depths_entry_civil_slaughter, layout_basic,
          doesnt_xom_only_xom, nrook_campfire
Lair:1:   layout_cave_pods, basic_altar, uniq_gastronok, uniq_harold,
          uniq_fannar
Lair:2:   layout_gridlike, minmay_swamp_entry_worms, guppyfry_snake_entry_island
Lair:3:   layout_layer_cave, portal_ice_cave_demonic_guard,
          grunt_forest_large_clearing_hut, grunt_megastairs_2
Lair:4:   layout_gridlike, lemuel_fruit_tree, grunt_megastairs_1, uniq_sonja
Lair:5:   grunt_lair_end_beastmaster, layout_cave_pods,
          minmay_slime_entry_oklob_enclosed, minmay_lair_drake_nest
Swamp:1:  layout_basic_swamp, lemuel_altar_in_water, nicolae_swamp_some_circles,
          uniq_nikola
Swamp:2:  nicolae_swamp_ascending_descending, layout_falls_marsh,
          evilmike_swamp_ruin_house_1, swamp_pool5
Swamp:3:  nicolae_swamp_long_stream, layout_basic_swamp,
          evilmike_swamp_ruin_house_3, swamp_pool3
Swamp:4:  swamp_old_school, layout_basic_swamp, infiniplex_staircase_pool
Snake:1:  layout_rooms, nicolae_snake_shapes, serial_bayou_shore_a, uniq_aizul,
          uniq_agnes
Snake:2:  layout_chambers, serial_bayou_shore_b, uniq_vashnia
Snake:3:  layout_cave_town, gammafunk_ghost_berserking_beasts, uniq_donald
Snake:4:  grunt_snake_rune_spirals, layout_onion_interference,
          nicolae_snake_naga_rites
Orc:1:    layout_caves
Orc:2:    pf_orc_diabolical, layout_diamond_mine, serial_shops,
          nicolae_shop_statue_plus, shop, shop, shop, shop,
          gauntlet_entry_generic, hangedman_minor_magic
Elf:1:    layout_onion_city, serial_shops, nicolae_square_shop,
          hangedman_elf_disciples
Elf:2:    elven_hall_of_blades_hangedman_alternative [mumra_blade_entry_dagger],
          layout_loops_cross, gammafunk_ghost_fury_of_okawaru,
          portal_desolation_entry_nicolae_forbidding_blocks
Elf:3:    minmay_elf_hall_statues, layout_onion_city, basic_altar,
          dk_noncrumbling_3
Vaults:1: vaults_standard_mumra_enter_the_diamond, dpeg_vaults_monster_row,
          ontoclasm_vaults_fault, nicolae_vaults_hallways_thing,
          nicolae_vaults_puzzle_piece, nicolae_vaults_c_with_doors,
          ontoclasm_vaults_twist, ontoclasm_vaults_tryst,
          grunt_vaults_hallway_short, v_rooms_1, v_misc_3,
          hangedman_vaults_corner, ontoclasm_vaults_pinch, vaults_dpeg_hooks,
          layout_vaults_omnibox
Vaults:2: vaults_mumra_hex, nicolae_vaults_big_ls, hangedman_vaults_river_flow,
          v_rooms_4, vaults_room_fancy_cross, nicolae_vaults_triangles,
          nicolae_vaults_specimen_jars, grunt_vaults_funnel,
          minmay_crypt_entry_simple_corners, layout_vaults_maze_bifur,
          serial_shops, bzr_entry_safe
Vaults:3: ontoclasm_vaults_claustrophobia, nicolae_vaults_circle_grid_a,
          v_rooms_6, nicolae_vaults_what_the_h, v_misc_10, vaults_room_hallway,
          v_alt_pattern_1, nicolae_vaults_border_crossing,
          nicolae_vaults_little_squares_6, layout_vaults_chaotic_city,
          serial_shops, nicolae_shop_trees
Vaults:4: st_greater_box_1, not_door_vault_mu, ontoclasm_vaults_eye,
          nicolae_vaults_network_periphery, hangedman_vaults_impose,
          vaults_room_corners, v_rooms_5, vaults_standard_mumra_x,
          vaults_dpeg_cross, layout_vaults_omnigrid, uniq_boris
Vaults:5
Depths:1: layout_gridlike, nicolae_figureground_sparkle, serial_shops, shop,
          hell_entry, minmay_misc_feat_hallway, lemuel_nasty_fountain,
          uniq_bai_suzhen, uniq_sojobo
Depths:2: kennysheep_bubbly, layout_basic, hellmouth_1, rand_demon_pan_entry_4,
          nicolae_ru_sacrificial_ziggurat, uniq_mara
Depths:3: nicolae_terramorphic_expanse [nicolae_terramorphic_quarter,
          nicolae_terramorphic_quarter, nicolae_terramorphic_quarter,
          nicolae_terramorphic_quarter, nicolae_terramorphic_quarter,
          nicolae_terramorphic_biome, nicolae_terramorphic_biome,
          nicolae_terramorphic_biome, nicolae_terramorphic_biome],
          layout_honeycomb, enter_ziggurat_a, hell_entry, grunt_decor_junction,
          abyss_entry_flame_altar, kiku_gazebo_pond_becter
Depths:4: evilmike_zot_entry_hall, layout_gridlike, serial_shops, shop,
          nicolae_shop_temple_entry_statues_fountains, shop, shop, hell_entry,
          grunt_megastairs_3
Zot:1:    layout_cellular_growth, st_stairs_12, uniq_tiamat
Zot:2:    layout_concentric_octagons
Zot:3:    hangedman_orp_of_zott, layout_twisted_circle, st_stairs_5,
          nicolae_rock_paper_scissors, uniq_grunn, uniq_josephina
Zot:4:    layout_gridlike, basic_altar
Zot:5:    layout_basic

Skill      XL: |  1  2  3  4  5  6  7  8  9 10 11 12 13 14 15 16 17 18 19 20 21 22 23 24 25 26 |
---------------+-------------------------------------------------------------------------------+-----
Conjurations   | 4 5 6 7 10 12 13 14 15 18 21 22 23 | 23.0
Spellcasting   | 2 3 4 5 6 7 10 13 15 16 17 19 | 19.4
Translocations | 4 7 10 | 10.0
Shields        | 4 8 10 | 10.0
Invocations    | 4 8 12 | 12.0
Fighting       | 4 7 10 12 16 18 | 18.3
Earth Magic    | 1 10 | 10.0
Fire Magic     | 6 11 16 19 22 23 | 23.0
Summonings     | 6 7 |  7.0
Necromancy     | 3 6 |  6.8
Dodging        | |  1.3
Stealth        | |  2.1

Action                   |  1- 3 |  4- 6 |  7- 9 | 10-12 | 13-15 | 16-18 | 19-21 | 22-24 | 25-27 || total
-------------------------+-------+-------+-------+-------+-------+-------+-------+-------+-------++-------
Melee: Short sword       |    14 |    32 |    18 |    62 |   166 |    15 |   126 |       |       ||   433
       Tailslap          |     2 |     6 |     1 |     9 |    27 |     5 |    40 |    18 |     7 ||   115
       Punch             |       |       |     1 |     4 |     1 |       |       |       |       ||     6
       Lance             |       |       |       |       |       |       |    24 |    93 |    30 ||   147
 Cast: Magic Dart        |    85 |   119 |   154 |   102 |    59 |     3 |     6 |       |       ||   528
       Searing Ray       |       |       |    41 |    26 |    11 |       |       |       |       ||    78
       Iskenderun's Myst |       |       |    10 |    90 |   171 |    71 |    74 |     6 |       ||   422
       Fulminant Prism   |       |       |     8 |   121 |    35 |    14 |       |       |       ||   178
       Hailstorm         |       |       |     5 |     1 |     9 |       |       |       |       ||    15
       Orb of Destructio |       |       |       |     4 |   302 |   479 |   147 |       |       ||   932
       Passage of Golubr |       |       |       |       |     1 |     1 |     6 |     2 |       ||    10
       Iron Shot         |       |       |       |       |       |    67 |    86 |       |       ||   153
       Dispersal         |       |       |       |       |       |     1 |       |     4 |     7 ||    12
       Fireball          |       |       |       |       |       |    22 |   195 |    23 |       ||   240
       Lehudib's Crystal |       |       |       |       |       |       |   116 |   204 |    65 ||   385
       Spellforged Servi |       |       |       |       |       |       |    43 |    76 |    16 ||   135
       Lee's Rapid Decon |       |       |       |       |       |       |    77 |    85 |     1 ||   163
       Ignition          |       |       |       |       |       |       |       |     9 |       ||     9
       Fire Storm        |       |       |       |       |       |       |       |   109 |   261 ||   370
Invok: Channel Magic     |       |       |       |       |       |     2 |     5 |     4 |     3 ||    14
Evoke: Wand              |       |       |     7 |     3 |     7 |       |     1 |       |       ||    18
       Condenser vane    |       |       |       |       |       |       |       |     1 |       ||     1
  Use: Potion            |       |       |       |     1 |     4 |       |     4 |     5 |     7 ||    21
       Scroll            |       |       |       |    15 |    23 |     5 |     9 |     9 |     1 ||    62
 Stab: Sleeping          |       |       |       |     2 |       |       |       |       |       ||     2
       Distracted        |       |       |       |       |       |       |       |       |     1 ||     1
Armor: Robe              |     5 |     9 |    31 |    63 |    84 |    71 |   199 |   168 |    46 ||   676
       Ring mail         |       |       |     1 |       |    99 |       |       |       |       ||   100
       Quicksilver drago |       |       |       |       |       |       |     2 |       |       ||     2
Dodge: Dodged            |     6 |    16 |    37 |    82 |   143 |    58 |   102 |    86 |    22 ||   552
Block: Buckler           |       |       |       |       |    45 |    92 |   113 |   107 |    27 ||   384
       Rpst.: Short sword |       |       |       |       |       |     7 |    28 |       |       ||    35

Table legend: (Time is in decaauts)
 A = Elapsed time spent in this place.
 B = Non-inter-level travel time spent in this place.
 C = Inter-level travel time spent in this place.
 D = Time resting spent in this place.
 E = Time spent auto-exploring this place.
 F = Levels seen in this place.
 G = Mean time per level.
                   A        B        C        D        E       F      G
               +--------+--------+--------+--------+--------+-----+--------+
         Total |  74711 |  69155 |   5556 |   4374 |  49493 |  53 | 1409.6 |
       Dungeon |  19219 |  17142 |   2077 |    876 |  13097 |  15 | 1281.3 |
          Lair |   7236 |   6656 |    580 |     78 |   4873 |   5 | 1447.2 |
         Swamp |   4133 |   3908 |    225 |    328 |   2820 |   4 | 1033.2 |
     Snake Pit |   6322 |   6137 |    185 |    357 |   4426 |   4 | 1580.5 |
  Orcish Mines |   2333 |   2050 |    283 |    105 |   1446 |   2 | 1166.5 |
   Elven Halls |   4561 |   4343 |    218 |    198 |   3206 |   3 | 1520.3 |
        Vaults |  12520 |  11646 |    874 |    781 |   7782 |   5 | 2504.0 |
        Depths |   6065 |   5393 |    672 |    295 |   4102 |   4 | 1516.2 |
           Zot |   7958 |   7520 |    438 |    626 |   5561 |   5 | 1591.6 |
        Bazaar |    103 |    103 |      0 |      0 |     43 |   1 |  103.0 |
       Ossuary |    514 |    514 |      0 |      0 |    403 |   1 |  514.0 |
        Bailey |    511 |    511 |      0 |    125 |    201 |   1 |  511.0 |
      Ice Cave |   1872 |   1872 |      0 |    450 |    866 |   1 | 1872.0 |
    Desolation |    815 |    815 |      0 |     62 |    441 |   1 |  815.0 |
      Gauntlet |    542 |    542 |      0 |     93 |    223 |   1 |  542.0 |
               +--------+--------+--------+--------+--------+-----+--------+

Top non-repeatable levels by time:
Vaults:4: 3321 daAuts
Vaults:5: 2849 daAuts
Vaults:1: 2621 daAuts
    D:14: 2432 daAuts
 Snake:4: 2297 daAuts
Vaults:3: 2011 daAuts
  Lair:5: 1978 daAuts
   Orc:2: 1928 daAuts
   Zot:5: 1882 daAuts
   IceCv: 1872 daAuts
 Snake:2: 1785 daAuts
    D:15: 1766 daAuts
   Zot:3: 1749 daAuts
Depths:4: 1747 daAuts
Vaults:2: 1717 daAuts
